 Dungeon Crawl Stone Soup version 0.30-a0-223-gcb0039aa0c (webtiles) character file.

Game seed: 14669068186047355353

392328 qw the Impregnable (level 23, -4/160 HPs)
             Began as a Gargoyle Fighter on Oct 9, 2022.
             Was an Elder of Okawaru.
             Killed by divine providence
             ... invoked by a daeva
              (8 damage)
             ... on level 4 of the Depths.
             The game lasted 00:28:22 (43510 turns).

qw the Impregnable (Gargoyle Fighter)              Turns: 43510, Time: 00:28:22

Health: -4/160     AC: 74    Str: 28    XL:     23   Next: 12%
Magic:  30/30      EV: 11    Int: 10    God:    Okawaru [****..]
Gold:   2181       SH: 24    Dex: 12    Spells: 22/22 levels left

rFire   + + .      SeeInvis .    a - +3 war axe (vamp)
rCold   + + .      Faith    .    C - +0 tower shield {rF+}
rNeg    + + .      Spirit   .    i - +9 scales of the Dragon King {rPois rF+ rC+ Will+}
rPois   inf        Reflect  .    u - +2 helmet
rElec   +          Harm     .    l - +2 cloak
rCorr   .          Rampage  .    j - +2 pair of gloves {Dex+3}
Will    +++++      Clarity  +    H - +2 pair of boots of the Sun {+Inv rC+ Int-2}
Stlth   ..........               D - amulet of the Four Winds {rN+ Will+++ Clar}
HPRegen 0.46/turn                J - +4 ring of protection
MPRegen 0.22/turn                n - +4 ring of protection

@: heroic, corroded, flying, glowing
A: sickness immunity, AC +17, big wings, negative energy resistance 1,
electricity resistance, torment resistance 1, petrification resistance, talons
1, noise suppression
}: 2/15 runes: serpentine, barnacled
a: Renounce Religion, Evoke Invisibility, Heroism, Finesse


You were on level 4 of the Depths.
You worshipped Okawaru.
Okawaru was greatly pleased with you.
You visited 8 branches of the dungeon, and saw 39 of its levels.
You visited the Abyss 1 time.
You visited 1 bazaar.

You collected 6073 gold pieces.
You spent 3892 gold pieces at shops.


Innate Abilities, Weirdness & Mutations

You are immune to sickness and miasma.
Your stone body is resilient. (AC +17)
You are immune to poison.
Your large and strong wings let you fly.
You resist negative energy. (rN+)
You are resistant to electric shocks. (rElec)
You are resistant to unholy torment.
You are immune to petrification.
You have sharp toenails.
You passively dampen the noise of your surroundings.


   Skills:
 - Level 21.0(26.0) Fighting
 - Level 16.0(21.0) Axes
 - Level 12.1(17.1) Throwing
 - Level 22.0(27) Armour
 + Level 6.5(11.5) Dodging
 - Level 21.0(26.0) Shields
 - Level 10.0 Invocations


You had 22 spell levels left.
You didn't know any spells.
Your spell library was empty.

Inventory:

Hand Weapons
 a - a +3 vampiric war axe (weapon)
 x - a +1 broad axe of flaming
 I - the +4 broad axe "Unweezem" {antimagic, Fragile rPois rCorr}
   (Okawaru gifted it to you on level 2 of the Vaults)

   It reduces the magical energy of the wielder, and disrupts the spells and
   magical abilities of those it strikes.
   Natural abilities and divine invocations are not affected.
   rPois:     It protects you from poison.
   rCorr:     It protects you from acid and corrosion.
   Fragile:   It will be destroyed if unequipped.
Missiles
 g - 43 boomerangs
 r - 7 javelins (quivered)
 B - a silver boomerang
 F - 3 boomerangs of dispersal
Armour
 i - the +9 scales of the Dragon King (worn) {rPois rF+ rC+ Will+}
   (You found it on level 5 of the Lair of Beasts)

   rF:        It protects you from fire.
   rC:        It protects you from cold.
   rPois:     It protects you from poison.
   Will:      It increases your willpower.
 j - a +2 pair of gloves of dexterity (worn)
 l - a +2 cloak (worn)
 q - the +1 plate armour of Okawaru's Esteem {rC+ Regen+ Int+3}
   (Okawaru gifted it to you on level 1 of the Vaults)

   Int:       It affects your intelligence (+3).
   rC:        It protects you from cold.
   Regen:     It increases your rate of health regeneration.
 s - a +2 tower shield
 t - +0 gold dragon scales
 u - a +2 helmet (worn)
 y - +9 gold dragon scales
 C - a +0 tower shield of fire resistance (worn)
 H - the +2 pair of boots of the Sun (worn) {+Inv rC+ Int-2}
   (You found it on level 4 of the Shoals)

   Int:       It affects your intelligence (-2).
   rC:        It protects you from cold.
   +Inv:      It lets you turn invisible.
Jewellery
 c - a ring of protection from fire
 n - a +4 ring of protection (right hand)
 p - an amulet of reflection
 v - a ring of ice
 D - the amulet of the Four Winds (around neck) {rN+ Will+++ Clar}
   (You found it on level 4 of the Shoals)

   [amulet of nothing]

   rN:        It protects you from negative energy.
   Clar:      It protects you against confusion.
   Will:      It greatly increases your willpower.
 J - a +4 ring of protection (left hand)
 K - the amulet "Saepp" {RegenMP rF+ rC++}
   (You bought it in a shop in a bazaar)

   [amulet of magic regeneration]

   It increases your rate of magic regeneration.
   rF:        It protects you from fire.
   rC:        It greatly protects you from cold.
 M - a ring of ice
 N - a ring of resist corrosion
 O - a ring of protection from fire
Scrolls
 b - 13 scrolls of teleportation
 h - 7 scrolls of identify
 A - 3 scrolls of enchant armour
Potions
 d - 10 potions of might
 e - 5 potions of resistance
 f - 10 potions of attraction
 k - 2 potions of haste
 m - 12 potions of curing
 o - 9 potions of mutation
 w - 2 potions of cancellation
 z - 2 potions of lignification
 E - 2 potions of magic

Dungeon Overview and Level Annotations

Branches:
Dungeon (15/15)            Temple (1/1) D:4            Lair (5/5) D:10
 Shoals (4/4) Lair:2        Snake (4/4) Lair:2        Slime (0/5) Lair:5
    Orc (2/2) D:11            Elf (0/3) Orc:2        Vaults (4/5) D:13
  Crypt (0/3) Vaults:3     Depths (4/4) D:15            Zot (0/5) Depths:4

Altars:
Ashenzari
Cheibriados
Dithmenos
Elyvilon
Fedhas
Gozag
Hepliaklqana
Kikubaaqudgha
Makhleb
Nemelex Xobeh
Okawaru
Qazlal
Ru
Sif Muna
Trog
Uskayaw
Vehumet
Wu Jian
Xom
Yredelemnul
Zin
The Shining One
Jiyva

Shops:
D:1 [   D:5 :   D:7 =   Orc:2 (?[*   Shoals:4 (?*(   Snake:1 (   Vaults:2 :
Vaults:3 ((   Depths:2 [((*

Portals:
Hell: Depths:1 Depths:2 Depths:3
Abyss: Depths:3
Pandemonium: Depths:2 Depths:3
Ziggurat: Depths:4

Annotations:
D:6 1 runed translucent door, Crazy Yiuf
D:13 3 runed translucent doors, Leinaam's ghost, journeyman MiBe
Vaults:4 1 runed translucent door, Angmar's ghost, veteran DrAE
Depths:1 3 runed translucent doors, Hoscheud's ghost, veteran GrFi


Message History

You barely miss the bone dragon.
The bone dragon is moderately damaged.
The reaper hits you from afar with a +1 scythe of protection!
You hit the bone dragon but do no damage.
The bone dragon is moderately damaged.
Your surroundings suddenly seem different.
The yellow draconian annihilator roars!
The yellow draconian annihilator spits acid at you.
The glob of acid hits you but does no damage.
The acid corrodes you!
43503 ||| READING 14 scrolls of teleportation.
As you read the scroll of teleportation, it crumbles to dust.
You feel strangely unstable.
The yellow draconian annihilator points at you and mumbles some strange words.
The bolt of lightning hits you but does no damage.
You resist.
You slice the yellow draconian annihilator!!
You feel better.
The yellow draconian annihilator is moderately wounded.
The yellow draconian annihilator closely misses you.
You slice the yellow draconian annihilator!!
You feel better.
The yellow draconian annihilator is heavily wounded.
You closely miss the yellow draconian annihilator.
The yellow draconian annihilator is heavily wounded.
Your surroundings suddenly seem different.
Found a one-way gateway to a ziggurat.
The daeva shouts! x2
The daeva calls down the wrath of the Shining One upon you.
The Shining One smites you!
Enter note:
Enter note:
Enter note:
43509 ||| FLEEEEING.
The daeva calls down the wrath of the Shining One upon you.
The Shining One smites you!
43510 ||| FLEEEEING.
The daeva calls down the wrath of the Shining One upon you.
The Shining One smites you!
You die...

......~###~...'.### #..
......~ #~...### #.#.q
.....~###~.... ##.#..
.....~~~~...## ..#..
............# #.##.
....#..###+## ######..#.
#.#####.##.# ..........#.
..#.AA#..#.#..~~~~~~~...#q
.##.\A##.@.'..~# #~.....
..#..A#..###..~#####~¤¤¤#.
#.#####.## ~~~~~~~.¤~¤.
#...#...# .......¤.[.
#.#...#.# #####+###'.
...#.#... #.###[. ..'. .##
.#########..<... .#
...........#.#.#
######.###.##.#


You could see 2 daevas and 2 angels.

Vanquished Creatures
  Mara (Vaults:4)
  A juggernaut (Depths:4)
  Bai Suzhen (Vaults:2)
  Parghit (Depths:4)
  2 golden dragons
  Nikola (Shoals:3)
  2 bone dragons
  3 hellephants (Depths:1)
  3 doom hounds (Depths:4)
  Jorgrun (Snake:1)
  Rupert (Snake:1)
  Grunn (Depths:4)
  Asterion (Depths:2)
  6 liches
  A tentacled starspawn (Abyss:4)
  Polyphemus (Shoals:2)
  3 sphinxes
  2 storm dragons
  5 nagarajas
  A fenstrider witch (Shoals:4)
  6 fire giants
  6 frost giants
  Louise (Shoals:1)
  9 vault wardens
  Aizul (Snake:1)
  A caustic shrike zombie (Depths:3)
  A cacodemon (Abyss:4)
  3 orc warlords
  2 spriggan defenders (Depths:2)
  A reaper (Depths:4)
  14 ironbound preservers
  A juggernaut skeleton (Depths:3)
  6 ironbound thunderhulks
  A war gargoyle (Vaults:3)
  8 very ugly things
  6 stone giants
  Nessos (D:14)
  3 putrid mouths (Depths:4)
  11 dire elephants
  A purple draconian (Depths:4)
  2 yellow draconians (Depths:4)
  4 red draconians (Depths:4)
  7 fire dragons
  9 ettins
  9 yaktaur captains
  Josephine (D:14)
  13 merfolk impalers
  4 crystal guardians
  Fannar (D:11)
  A merfolk javelineer (Shoals:4)
  3 great orbs of eyes
  6 salamander tyrants
  A quicksilver dragon skeleton (Depths:3)
  13 ironbound frosthearts
  4 hydras
  2 rakshasas (Depths:3)
  A merfolk avatar (Lair:5)
  26 vault guards
  9 anacondas
  3 peacekeepers
  7 merfolk aquamancers
  2 catoblepae
  4 ice dragons
  2 alligator snapping turtles (Shoals:4)
  A death knight (D:15)
  A spriggan air mage (Depths:3)
  3 two-headed ogres
  5 boulder beetles
  11 centaur warriors
  4 tengu warriors
  18 naga warriors
  2 satyrs
  4 orc high priests
  10 deep troll earth magi
  12 death yaks
  9 deep troll shamans
  7 thrashing horrors (Abyss:4)
  4 spriggan berserkers
  3 shock serpents
  A titan zombie (Depths:3)
  10 hell hogs (Depths:1)
  Urug (Lair:4)
  14 naga sharpshooters
  A sixfirhy (Abyss:4)
  18 iron trolls
  A spark wasp zombie (Depths:3)
  A glowing orange brain (shapeshifter) (Vaults:3)
  11 sea snakes
  6 salamander mystics
  2 flayed ghosts (Depths:3)
  54 deep trolls
  A bog body (Shoals:1)
  A glowing orange brain (Depths:2)
  A golden dragon skeleton (Depths:3)
  4 naga ritualists
  3 necromancers
  A spriggan simulacrum (Depths:3)
  19 ironbound convokers
  10 wizards
  A phantasmal warrior (Vaults:2)
  12 lindwurms
  2 wolf spiders (Lair:4)
  16 harpies
  6 mana vipers
  9 orc knights
  An iron dragon zombie (Depths:3)
  26 ugly things
  17 manticores
  5 fauns
  5 orc sorcerers
  11 cyclopes
  A worldbinder (Abyss:4)
  34 salamanders
  A stone giant zombie (Vaults:3)
  5 merfolk sirens
  A fire giant skeleton (Depths:3)
  4 large abominations
  8 water nymphs
  A black mamba (shapeshifter) (D:13)
  17 naga magi
  A smoke demon (Abyss:4)
  7 elephants
  33 black mambas
  A frost giant skeleton (Depths:3)
  14 guardian serpents
  16 cane toads
  12 vault sentinels
  A water nymph (shapeshifter) (Depths:3)
  A storm dragon simulacrum (D:15)
  5 rime drakes
  11 komodo dragons
  2 kobold demonologists
  2 unseen horrors
  A tormentor (Depths:4)
  An efreet (D:14)
  A freezing wraith (D:14)
  17 yaktaurs
  A tengu conjurer (Depths:3)
  2 ancient zymes (Abyss:4)
  A hellwing (Abyss:4)
  46 merfolk
  8 trolls
  A wolf spider simulacrum (D:15)
  6 polar bears
  7 hornets
  31 slime creatures
  6 wind drakes
  13 dream sheep
  7 snapping turtles
  An ettin zombie (Vaults:3)
  33 blink frogs
  A shadow (D:11)
  2 spriggans (Depths:2)
  4 centaur simulacra (D:12)
  14 water elementals
  8 wraiths
  A vampire (D:14)
  6 wyverns
  5 basilisks
  A basilisk (shapeshifter) (D:14)
  A neqoxec (Abyss:4)
  34 yaks
  3 steam dragons
  12 vampire mosquitoes
  2 chaos spawn (Abyss:4)
  A yaktaur simulacrum (Vaults:3)
  Menkaure (D:6)
  3 wargs
  50 nagas
  A swamp worm (shapeshifter) (D:14)
  An acid dragon (D:13)
  13 water moccasins
  A floating eye (Depths:3)
  4 sky beasts
  6 ice beasts
  4 black bears
  22 orc warriors
  8 ogres
  15 centaurs
  16 wolves
  A phantom (D:5)
  3 kobold brigands
  13 bullfrogs
  2 necrophages
  A scorpion (shapeshifter) (Vaults:1)
  An earth elemental (Abyss:4)
  2 gnoll sergeants
  4 scorpions
  A wight (D:9)
  16 killer bees
  3 howler monkeys (D:8)
  An electric eel (D:12)
  A lava snake (D:8)
  16 orc priests
  5 hounds
  A jelly (D:6)
  2 gnoll boudas
  3 iguanas
  Natasha (thrice) (D:4)
  25 orc wizards
  20 gnolls
  4 adders
  A river rat (D:4)
  2 shadow imps
  3 white imps
  9 ufetubi
  A worm (D:4)
  2 dart slugs
  52 orcs
  9 ball pythons
  8 endoplasms
  4 giant cockroaches
  8 goblins
  11 hobgoblins
  3 quokkas
  7 bats
  6 frilled lizards
  16 kobolds
  9 rats
  A bush (Lair:5)
  2 starspawn tentacles (Abyss:4)
1503 creatures vanquished.

Vanquished Creatures (others)
  A walking crystal tome (Abyss:4)
  A draconian knight (Depths:4)
  A merfolk impaler (Shoals:3)
  An ice dragon (Depths:4)
  A naga warrior (Snake:4)
  A wizard (Vaults:2)
  A salamander (Snake:4)
  A faun (Shoals:3)
  A merfolk siren (Shoals:3)
  A merfolk (Shoals:3)
  2 dream sheep
  A naga (Snake:4)
  An orc wizard (D:13)
  28 fungi
  105 plants
  A starspawn tentacle (Abyss:4)
148 creatures vanquished.

Grand Total: 1651 creatures vanquished

Notes
Turn   | Place    | Note
-------+----------+-------------------------------------------
     0 | D:1      | qw the Gargoyle Fighter began the quest for the Orb.
     0 | D:1      | Reached XP level 1. HP: 14/14 MP: 1/1
     0 | D:1      | 0 ||| qw: Version: 0.2-a-17-g06abaee
     0 | D:1      | 0 ||| qw: Game counter: 2233
     0 | D:1      | 0 ||| qw: Always use a shield: true
     0 | D:1      | 0 ||| qw: God list: Okawaru
     0 | D:1      | 0 ||| qw: Allow faded altars: false
     0 | D:1      | 0 ||| qw: Do Orc after D:15 true
     0 | D:1      | 0 ||| qw: Do second Lair branch before Depths: true
     0 | D:1      | 0 ||| qw: Lair rune preference: random
     0 | D:1      | 0 ||| qw: Plans: Normal, Zot:1-4, God:TSO, Crypt, Tomb,
                  | Pan, Slime:5, Hells, Abyss, Orb
     0 | D:1      | 0 ||| PLANNING D:1-11
   104 | D:1      | Found Qixenu's Antique Armour Shoppe.
   114 | D:1      | 114 ||| SHOPLISTING cloak (126 gold, have 0).
   114 | D:1      | 114 ||| SHOPLISTING kite shield (126 gold, have 0).
   114 | D:1      | 114 ||| SHOPLISTING pair of gloves (126 gold, have 0).
   131 | D:1      | 131 ||| Stepping ~*~*~tactically~*~*~ (stealth).
   138 | D:1      | Reached XP level 2. HP: 19/19 MP: 2/2
   424 | D:1      | Found a faded altar of an unknown god.
   486 | D:1      | Reached skill level 3 in Axes
   499 | D:1      | Reached XP level 3. HP: 23/23 MP: 3/3
   646 | D:1      | 646 ||| UPGRADING to +0 cloak.
   651 | D:1      | 651 ||| READING scroll labelled OFFEZI XEAROAL.
   652 | D:1      | 652 ||| READING scroll labelled GEAXAS IRUIL.
   653 | D:1      | 653 ||| READING scroll labelled YCVEOGOTOCO.
   657 | D:1      | 657 ||| READING scroll labelled PIEFIW IJUT.
   657 | D:1      | Identified a scroll of acquirement
   657 | D:1      | 657 ||| ACQUIRING +10 plate armour of ponderousness
   657 | D:1      | Acquired a +10 plate armour of ponderousness
   659 | D:1      | 659 ||| UPGRADING to +10 plate armour of ponderousness.
   669 | D:1      | 669 ||| DROPPING +0 scale mail.
   670 | D:1      | 670 ||| READING scroll labelled TARGHE FOIT.
   714 | D:2      | 714 ||| Stepping ~*~*~tactically~*~*~ (stealth).
   717 | D:2      | 717 ||| Stepping ~*~*~tactically~*~*~ (stealth).
  1088 | D:2      | 1088 ||| Stepping ~*~*~tactically~*~*~ (stealth).
  1100 | D:2      | 1100 ||| Stepping ~*~*~tactically~*~*~ (stealth).
  1102 | D:2      | 1102 ||| Stepping ~*~*~tactically~*~*~ (hiding).
  1103 | D:2      | 1103 ||| Stepping ~*~*~tactically~*~*~ (hiding).
  1108 | D:2      | 1108 ||| Stepping ~*~*~tactically~*~*~ (stealth).
  1501 | D:2      | 1501 ||| DRINKING 2 sapphire potions.
  1546 | D:3      | Identified the +8 rapier of the Magic Mushroom {drain,
                  | rN++}
  1591 | D:3      | Reached XP level 4. HP: 28/28 MP: 4/4
  1749 | D:3      | 1749 ||| DROPPING +0 whip.
  1862 | D:3      | Noticed a black bear
  1873 | D:3      | 1873 ||| Stepping ~*~*~tactically~*~*~ (stealth).
  1875 | D:3      | Killed a black bear
  1876 | D:3      | Reached XP level 5. HP: 19/32 MP: 5/5
  1946 | D:3      | 1946 ||| Stepping ~*~*~tactically~*~*~ (stealth).
  1947 | D:3      | 1947 ||| Stepping ~*~*~tactically~*~*~ (stealth).
  2174 | D:3      | 2174 ||| Stepping ~*~*~tactically~*~*~ (stealth).
  2599 | D:3      | 2599 ||| UPGRADING to amulet of the acrobat.
  2604 | D:3      | 2604 ||| READING scroll labelled ENAMEFOWN OGYD.
  2605 | D:3      | 2605 ||| DRINKING 2 bubbling dark potions.
  2605 | D:3      | Gained mutation: You passively dampen the noise of your
                  | surroundings. [potion of mutation]
  2606 | D:3      | 2606 ||| READING 2 scrolls of identify.
  2606 | D:3      | 2606 ||| IDENTIFYING fuming ruby potion
  2607 | D:3      | 2607 ||| DROPPING potion of ambrosia.
  2625 | D:4      | 2625 ||| PLANNING SEWER
  2828 | D:4      | Found a staircase to the Ecumenical Temple.
  2840 | D:4      | Noticed Natasha
  2841 | D:4      | 2841 ||| Stepping ~*~*~tactically~*~*~ (hiding).
  2848 | D:4      | Killed Natasha
  2849 | D:4      | Reached XP level 6. HP: 37/38 MP: 6/6
  3168 | D:4      | Noticed Natasha
  3169 | D:4      | 3169 ||| Stepping ~*~*~tactically~*~*~ (stealth).
  3172 | D:4      | Killed Natasha
  3283 | D:4      | 3283 ||| RIP SEWER
  3285 | D:4      | 3285 ||| PLANNING TEMPLE
  3285 | D:4      | 3285 ||| UPGRADING to +0 pair of boots.
  3290 | D:4      | 3290 ||| READING scroll labelled ERA IFUNAR.
  3291 | D:4      | 3291 ||| READING scroll labelled EFUT OSUCO FAA.
  3292 | D:4      | 3292 ||| READING scroll labelled IRHYMA RISASS.
  3293 | D:4      | 3293 ||| READING scroll labelled DOERPH ONUMOILAING.
  3294 | D:4      | 3294 ||| READING 2 scrolls of identify.
  3294 | D:4      | 3294 ||| IDENTIFYING metallic golden potion
  3295 | D:4      | 3295 ||| DROPPING potion of magic.
  3337 | Temple   | Entered the Ecumenical Temple
  3382 | Temple   | 3382 ||| PLANNING OKAWARU WORSHIP
  3514 | Temple   | Became a worshipper of Warmaster Okawaru
  3515 | Temple   | 3515 ||| PLANNING D:1-11
  3589 | D:4      | Noticed Natasha
  3596 | D:4      | Killed Natasha
  3607 | D:4      | 3607 ||| Stepping ~*~*~tactically~*~*~ (stealth).
  3834 | D:4      | Reached skill level 6 in Axes
  3895 | D:4      | 3895 ||| Stepping ~*~*~tactically~*~*~ (stealth).
  3896 | D:4      | 3896 ||| Stepping ~*~*~tactically~*~*~ (stealth).
  3908 | D:4      | 3908 ||| Stepping ~*~*~tactically~*~*~ (stealth).
  3915 | D:4      | Reached XP level 7. HP: 43/43 MP: 7/7
  4020 | D:5      | Entered Level 5 of the Dungeon
  4055 | D:5      | Found Ottubb's Book Shop.
  4069 | D:5      | Reached skill level 4 in Armour
  4115 | D:5      | Reached * piety under Okawaru
  4228 | D:5      | 4228 ||| Stepping ~*~*~tactically~*~*~ (hiding).
  4233 | D:5      | Reached skill level 1 in Invocations
  4273 | D:5      | 4273 ||| INVOKING Heroism.
  4303 | D:5      | 4303 ||| Stepping ~*~*~tactically~*~*~ (hiding).
  4310 | D:5      | 4310 ||| INVOKING Heroism.
  4312 | D:5      | Reached XP level 8. HP: 33/48 MP: 6/9
  4380 | D:5      | 4380 ||| INVOKING Heroism.
  4386 | D:5      | Reached skill level 3 in Invocations
  4401 | D:5      | 4401 ||| INVOKING Heroism.
  4567 | D:5      | 4567 ||| Stepping ~*~*~tactically~*~*~ (stealth).
  4570 | D:5      | 4570 ||| Stepping ~*~*~tactically~*~*~ (stealth).
  4574 | D:5      | 4574 ||| Stepping ~*~*~tactically~*~*~ (stealth).
  4575 | D:5      | 4575 ||| Stepping ~*~*~tactically~*~*~ (stealth).
  4581 | D:5      | 4581 ||| Stepping ~*~*~tactically~*~*~ (stealth).
  4633 | D:5      | 4633 ||| Stepping ~*~*~tactically~*~*~ (stealth).
  4634 | D:5      | 4634 ||| Stepping ~*~*~tactically~*~*~ (stealth).
  4637 | D:5      | 4637 ||| Stepping ~*~*~tactically~*~*~ (stealth).
  4649 | D:5      | Reached skill level 1 in Dodging
  4747 | D:5      | 4747 ||| Stepping ~*~*~tactically~*~*~ (stealth).
  4751 | D:5      | 4751 ||| Stepping ~*~*~tactically~*~*~ (hiding).
  4752 | D:5      | 4752 ||| Stepping ~*~*~tactically~*~*~ (hiding).
  4955 | D:5      | 4955 ||| READING scroll labelled VOHUFE GAUNIU.
  4956 | D:5      | 4956 ||| READING 2 scrolls of identify.
  4956 | D:5      | 4956 ||| IDENTIFYING amethyst potion
  4957 | D:5      | 4957 ||| DROPPING potion of degeneration.
  4999 | D:6      | Reached ** piety under Okawaru
  5000 | D:6      | 5000 ||| STAIRDANCE
  5070 | D:6      | 5070 ||| INVOKING Heroism.
  5143 | D:6      | Found a shadowy altar of Dithmenos.
  5145 | D:6      | Found a radiant altar of Vehumet.
  5145 | D:6      | Found a glowing golden altar of the Shining One.
  5156 | D:6      | Found a glowing silver altar of Zin.
  5170 | D:6      | Reached skill level 5 in Armour
  5205 | D:6      | Noticed Menkaure
  5206 | D:6      | 5206 ||| INVOKING Heroism.
  5214 | D:6      | Killed Menkaure
  5215 | D:6      | Reached XP level 9. HP: 48/55 MP: 10/12
  5258 | D:6      | Reached skill level 6 in Fighting
  5329 | D:6      | 5329 ||| INVOKING Heroism.
  5418 | D:6      | 5418 ||| Stepping ~*~*~tactically~*~*~ (hiding).
  5421 | D:6      | 5421 ||| INVOKING Heroism.
  5425 | D:6      | 5425 ||| Stepping ~*~*~tactically~*~*~ (cloud).
  5498 | D:6      | 5498 ||| Stepping ~*~*~tactically~*~*~ (hiding).
  5503 | D:6      | 5503 ||| INVOKING Heroism.
  5516 | D:6      | Reached skill level 9 in Axes
  5691 | D:6      | 5691 ||| INVOKING Heroism.
  5746 | D:6      | Found a runed translucent door.
  5747 | D:6      | Noticed Crazy Yiuf
  5921 | D:6      | 5921 ||| READING scroll labelled GOGAYB PASHRYUH.
  5922 | D:6      | 5922 ||| READING scroll labelled FICA MAKIMEN.
  5923 | D:6      | 5923 ||| READING 2 scrolls labelled TOKHECH WYELUI.
  5924 | D:6      | 5924 ||| DRINKING 2 bubbling golden potions.
  5925 | D:6      | 5925 ||| DRINKING 3 orange potions.
  5926 | D:6      | 5926 ||| READING 2 scrolls of identify.
  5926 | D:6      | 5926 ||| IDENTIFYING brown potion
  5927 | D:6      | 5927 ||| DROPPING potion of berserk rage.
  5928 | D:6      | 5928 ||| DROPPING scroll of poison.
  6015 | D:7      | Reached *** piety under Okawaru
  6016 | D:7      | Reached skill level 6 in Armour
  6064 | D:7      | 6064 ||| INVOKING Heroism.
  6089 | D:7      | 6089 ||| INVOKING Heroism.
  6115 | D:7      | 6115 ||| INVOKING Heroism.
  6127 | D:7      | 6127 ||| Stepping ~*~*~tactically~*~*~ (cloud).
  6359 | D:7      | Found Asiteg's Jewellery Boutique.
  6364 | D:7      | 6364 ||| SHOPLISTING +4 ring of evasion (504 gold, have
                  | 486).
  6364 | D:7      | 6364 ||| SHOPLISTING +4 ring of protection (504 gold, have
                  | 486).
  6364 | D:7      | 6364 ||| SHOPLISTING +6 ring of dexterity (504 gold, have
                  | 486).
  6364 | D:7      | 6364 ||| BUYING amulet of reflection (420 gold).
  6364 | D:7      | Bought an amulet of reflection for 420 gold pieces
  6388 | D:7      | 6388 ||| Stepping ~*~*~tactically~*~*~ (hiding).
  6496 | D:7      | 6496 ||| INVOKING Heroism.
  6502 | D:7      | Reached XP level 10. HP: 63/63 MP: 10/13
  6666 | D:7      | 6666 ||| UPGRADING to amulet of reflection.
  6676 | D:7      | 6676 ||| DROPPING amulet of the acrobat.
  6729 | D:8      | 6729 ||| Stepping ~*~*~tactically~*~*~ (stealth).
  6731 | D:8      | 6731 ||| Stepping ~*~*~tactically~*~*~ (stealth).
  6732 | D:8      | 6732 ||| Stepping ~*~*~tactically~*~*~ (stealth).
  6733 | D:8      | 6733 ||| Stepping ~*~*~tactically~*~*~ (stealth).
  6734 | D:8      | 6734 ||| Stepping ~*~*~tactically~*~*~ (stealth).
  6737 | D:8      | 6737 ||| INVOKING Heroism.
  6747 | D:8      | Reached **** piety under Okawaru
  6931 | D:8      | 6931 ||| Stepping ~*~*~tactically~*~*~ (stealth).
  7016 | D:8      | Reached skill level 7 in Armour
  7144 | D:8      | 7144 ||| INVOKING Heroism.
  7209 | D:8      | 7209 ||| DROPPING +3 plate armour.
  7210 | D:8      | 7210 ||| UPGRADING to +6 ring of strength.
  7211 | D:8      | 7211 ||| READING 3 scrolls of identify.
  7211 | D:8      | 7211 ||| IDENTIFYING purple potion
  7212 | D:8      | 7212 ||| READING 2 scrolls of identify.
  7212 | D:8      | 7212 ||| IDENTIFYING smoky amethyst potion
  7213 | D:8      | 7213 ||| DROPPING potion of flight.
  7331 | D:9      | 7331 ||| Stepping ~*~*~tactically~*~*~ (stealth).
  7335 | D:9      | 7335 ||| Stepping ~*~*~tactically~*~*~ (stealth).
  7339 | D:9      | Reached skill level 6 in Invocations
  7341 | D:9      | Reached ***** piety under Okawaru
  7387 | D:9      | 7387 ||| INVOKING Heroism.
  7581 | D:9      | 7581 ||| INVOKING Heroism.
  7611 | D:9      | Found a shimmering blue altar of Sif Muna.
  7636 | D:9      | 7636 ||| Stepping ~*~*~tactically~*~*~ (stealth).
  7638 | D:9      | 7638 ||| Stepping ~*~*~tactically~*~*~ (stealth).
  7642 | D:9      | 7642 ||| Stepping ~*~*~tactically~*~*~ (stealth).
  7643 | D:9      | 7643 ||| Stepping ~*~*~tactically~*~*~ (stealth).
  7733 | D:9      | 7733 ||| Stepping ~*~*~tactically~*~*~ (hiding).
  7785 | D:9      | 7785 ||| Stepping ~*~*~tactically~*~*~ (hiding).
  7793 | D:9      | 7793 ||| INVOKING Heroism.
  7795 | D:9      | 7795 ||| Stepping ~*~*~tactically~*~*~ (hiding).
  7806 | D:9      | Identified the +7 war axe "Fyfeul" {vorpal, Contam rElec
                  | rPois rN++} (Okawaru gifted it to you on level 9 of the
                  | Dungeon)
  7806 | D:9      | Received a gift from Okawaru
  7853 | D:9      | 7853 ||| SWAPPING to +7 war axe "Fyfeul" {vorpal, Contam
                  | rElec rPois rN++}.
  7854 | D:9      | 7854 ||| DROPPING +1 war axe of venom.
  7878 | D:9      | Noticed a boulder beetle
  7879 | D:9      | 7879 ||| INVOKING Heroism.
  7880 | D:9      | 7880 ||| INVOKING Finesse.
  7895 | D:9      | Killed a boulder beetle
  7896 | D:9      | Reached XP level 11. HP: 68/68 MP: 9/16
  7987 | D:9      | 7987 ||| UPGRADING to +2 pair of boots.
  7997 | D:9      | 7997 ||| DROPPING +0 pair of boots.
  7998 | D:9      | 7998 ||| READING scroll labelled QAGHIQ DORUWN.
  7999 | D:9      | 7999 ||| READING scroll labelled DYRRO XOCAUDI.
  8015 | D:10     | Entered Level 10 of the Dungeon
  8050 | D:10     | Found a staircase to the Lair.
  8075 | D:10     | 8075 ||| Stepping ~*~*~tactically~*~*~ (hiding).
  8078 | D:10     | 8078 ||| INVOKING Heroism.
  8110 | D:10     | 8110 ||| Stepping ~*~*~tactically~*~*~ (stealth).
  8154 | D:10     | 8154 ||| Stepping ~*~*~tactically~*~*~ (stealth).
  8156 | D:10     | 8156 ||| Stepping ~*~*~tactically~*~*~ (stealth).
  8158 | D:10     | 8158 ||| INVOKING Heroism.
  8162 | D:10     | 8162 ||| Stepping ~*~*~tactically~*~*~ (stealth).
  8175 | D:10     | 8175 ||| Stepping ~*~*~tactically~*~*~ (stealth).
  8214 | D:10     | 8214 ||| INVOKING Heroism.
  8215 | D:10     | 8215 ||| DRINKING 5 potions of curing.
  8215 | D:10     | 8215 ||| (to cure confusion)
  8268 | D:10     | 8268 ||| DROPPING +0 flail.
  8397 | D:10     | 8397 ||| INVOKING Heroism.
  8521 | D:10     | 8521 ||| PLANNING LAIR
  8567 | Lair:1   | Entered Level 1 of the Lair of Beasts
  8580 | Lair:1   | 8580 ||| INVOKING Heroism.
  8585 | Lair:1   | Reached skill level 1 in Throwing
  8592 | Lair:1   | 8592 ||| Stepping ~*~*~tactically~*~*~ (stealth).
  8611 | Lair:1   | 8611 ||| Stepping ~*~*~tactically~*~*~ (stealth).
  8612 | Lair:1   | 8612 ||| Stepping ~*~*~tactically~*~*~ (stealth).
  8684 | Lair:1   | 8684 ||| INVOKING Heroism.
  8714 | Lair:1   | 8714 ||| INVOKING Heroism.
  8737 | Lair:1   | 8737 ||| Stepping ~*~*~tactically~*~*~ (hiding).
  8743 | Lair:1   | Reached skill level 9 in Fighting
  8743 | Lair:1   | Reached skill level 9 in Invocations
  8828 | Lair:1   | 8828 ||| Stepping ~*~*~tactically~*~*~ (hiding).
  8933 | Lair:1   | 8933 ||| INVOKING Heroism.
  9003 | Lair:1   | 9003 ||| INVOKING Heroism.
  9083 | Lair:1   | 9083 ||| INVOKING Heroism.
  9340 | Lair:1   | 9340 ||| INVOKING Heroism.
  9342 | Lair:1   | Received a gift from Okawaru
  9384 | Lair:1   | 9384 ||| Stepping ~*~*~tactically~*~*~ (stealth).
  9386 | Lair:1   | 9386 ||| Stepping ~*~*~tactically~*~*~ (stealth).
  9543 | Lair:1   | 9543 ||| DROPPING +1 pair of boots.
  9544 | Lair:1   | 9544 ||| DROPPING ring of flight.
  9575 | Lair:2   | 9575 ||| Stepping ~*~*~tactically~*~*~ (stealth).
  9577 | Lair:2   | 9577 ||| INVOKING Heroism.
  9611 | Lair:2   | 9611 ||| INVOKING Heroism.
  9614 | Lair:2   | Reached skill level 8 in Armour
  9711 | Lair:2   | Found a staircase to the Snake Pit.
  9732 | Lair:2   | 9732 ||| DROPPING +1 vorpal war axe.
  9737 | Lair:2   | 9737 ||| Stepping ~*~*~tactically~*~*~ (hiding).
  9752 | Lair:2   | Reached XP level 12. HP: 76/76 MP: 19/19
  9773 | Lair:2   | Reached skill level 3 in Throwing
  9879 | Lair:2   | 9879 ||| INVOKING Heroism.
  9880 | Lair:2   | Identified the +0 kite shield of the Puckish Dragon {-Cast
                  | rC+ Str+3} (Okawaru gifted it to you on level 2 of the Lair
                  | of Beasts)
  9880 | Lair:2   | Received a gift from Okawaru
 10027 | Lair:2   | 10027 ||| Stepping ~*~*~tactically~*~*~ (stealth).
 10104 | Lair:2   | Found a staircase to the Shoals.
 10263 | Lair:2   | 10263 ||| READING scroll of acquirement.
 10263 | Lair:2   | 10263 ||| ACQUIRING +0 broad axe of flaming
 10263 | Lair:2   | Acquired a +0 broad axe of flaming
 10265 | Lair:2   | 10265 ||| SWAPPING to +0 broad axe of flaming.
 10266 | Lair:2   | 10266 ||| DROPPING +0 morningstar.
 10267 | Lair:2   | 10267 ||| DROPPING +7 war axe "Fyfeul" {vorpal, Contam
                  | rElec rPois rN++}.
 10268 | Lair:2   | 10268 ||| READING scroll of enchant weapon.
 10268 | Lair:2   | 10268 ||| ENCHANTING +0 broad axe of flaming.
 10270 | Lair:2   | Noticed a death yak
 10271 | Lair:2   | 10271 ||| INVOKING Heroism.
 10272 | Lair:2   | 10272 ||| INVOKING Finesse.
 10273 | Lair:2   | Noticed a death yak
 10276 | Lair:2   | Killed a death yak
 10277 | Lair:2   | Noticed a death yak
 10278 | Lair:2   | Noticed a death yak
 10279 | Lair:2   | Noticed a death yak
 10281 | Lair:2   | Reached skill level 12 in Axes
 10288 | Lair:2   | Killed a death yak
 10297 | Lair:2   | Killed a death yak
 10298 | Lair:2   | Reached skill level 6 in Shields
 10308 | Lair:2   | Killed a death yak
 10319 | Lair:2   | Killed a death yak
 10504 | Lair:2   | 10504 ||| UPGRADING to +0 kite shield of the Puckish Dragon
                  | {-Cast rC+ Str+3}.
 10514 | Lair:2   | 10514 ||| DROPPING +0 buckler.
 10515 | Lair:2   | 10515 ||| UPGRADING to ring of positive energy.
 10657 | Lair:3   | 10657 ||| INVOKING Heroism.
 10780 | Lair:3   | Found a dark tunnel.
 10876 | Lair:3   | 10876 ||| INVOKING Heroism.
 10907 | Lair:3   | 10907 ||| INVOKING Heroism.
 10920 | Lair:3   | Reached skill level 9 in Shields
 11466 | Lair:3   | 11466 ||| UPGRADING to ring of resist corrosion.
 11512 | Lair:4   | 11512 ||| STAIRDANCE
 11631 | Lair:4   | 11631 ||| Stepping ~*~*~tactically~*~*~ (stealth).
 11643 | Lair:4   | 11643 ||| Stepping ~*~*~tactically~*~*~ (stealth).
 11692 | Lair:4   | Noticed Urug
 11693 | Lair:4   | 11693 ||| FLEEEEING.
 11695 | Lair:4   | 11695 ||| FLEEEEING.
 11696 | Lair:4   | 11696 ||| FLEEEEING.
 11697 | Lair:4   | 11697 ||| FLEEEEING.
 11698 | Lair:4   | 11698 ||| FLEEEEING.
 11699 | Lair:4   | 11699 ||| FLEEEEING.
 11700 | Lair:4   | 11700 ||| FLEEEEING.
 11701 | Lair:4   | 11701 ||| FLEEEEING.
 11702 | Lair:4   | 11702 ||| FLEEEEING.
 11703 | Lair:4   | 11703 ||| FLEEEEING.
 11704 | Lair:4   | 11704 ||| FLEEEEING.
 11705 | Lair:4   | 11705 ||| FLEEEEING.
 11706 | Lair:4   | 11706 ||| FLEEEEING.
 11707 | Lair:4   | 11707 ||| FLEEEEING.
 11708 | Lair:4   | 11708 ||| FLEEEEING.
 11709 | Lair:4   | 11709 ||| FLEEEEING.
 11710 | Lair:4   | 11710 ||| FLEEEEING.
 11711 | Lair:4   | 11711 ||| FLEEEEING.
 11712 | Lair:4   | 11712 ||| FLEEEEING.
 11714 | Lair:4   | 11714 ||| FLEEEEING.
 11715 | Lair:4   | 11715 ||| FLEEEEING.
 11716 | Lair:4   | 11716 ||| FLEEEEING.
 11717 | Lair:4   | 11717 ||| FLEEEEING.
 11718 | Lair:4   | 11718 ||| FLEEEEING.
 11719 | Lair:4   | 11719 ||| FLEEEEING.
 11720 | Lair:4   | 11720 ||| STAIRDANCE
 11781 | Lair:4   | 11781 ||| INVOKING Heroism.
 11782 | Lair:4   | 11782 ||| INVOKING Finesse.
 11790 | Lair:4   | Killed Urug
 11791 | Lair:4   | Reached XP level 13. HP: 61/82 MP: 13/20
 11952 | Lair:4   | Received a gift from Okawaru
 12018 | Lair:4   | 12018 ||| INVOKING Heroism.
 12058 | Lair:4   | 12058 ||| Stepping ~*~*~tactically~*~*~ (stealth).
 12078 | Lair:4   | 12078 ||| INVOKING Heroism.
 12189 | Lair:4   | 12189 ||| Stepping ~*~*~tactically~*~*~ (stealth).
 12243 | Lair:4   | 12243 ||| INVOKING Heroism.
 12362 | Lair:4   | 12362 ||| Stepping ~*~*~tactically~*~*~ (stealth).
 12363 | Lair:4   | 12363 ||| Stepping ~*~*~tactically~*~*~ (stealth).
 12365 | Lair:4   | 12365 ||| INVOKING Heroism.
 12371 | Lair:4   | Identified the +0 robe "Bobbeixt" {Fly rPois Str+4}
                  | (Okawaru gifted it to you on level 4 of the Lair of Beasts)
 12371 | Lair:4   | Received a gift from Okawaru
 12427 | Lair:4   | 12427 ||| INVOKING Heroism.
 12695 | Lair:5   | Entered Level 5 of the Lair of Beasts
 12722 | Lair:5   | 12722 ||| INVOKING Heroism.
 12741 | Lair:5   | 12741 ||| Stepping ~*~*~tactically~*~*~ (stealth).
 12742 | Lair:5   | 12742 ||| INVOKING Finesse.
 12763 | Lair:5   | 12763 ||| INVOKING Heroism.
 12788 | Lair:5   | Reached skill level 9 in Armour
 12874 | Lair:5   | 12874 ||| Stepping ~*~*~tactically~*~*~ (stealth).
 12876 | Lair:5   | 12876 ||| Stepping ~*~*~tactically~*~*~ (stealth).
 12877 | Lair:5   | 12877 ||| INVOKING Heroism.
 12878 | Lair:5   | 12878 ||| Stepping ~*~*~tactically~*~*~ (stealth).
 12879 | Lair:5   | 12879 ||| Stepping ~*~*~tactically~*~*~ (stealth).
 12882 | Lair:5   | 12882 ||| INVOKING Finesse.
 12901 | Lair:5   | 12901 ||| Stepping ~*~*~tactically~*~*~ (stealth).
 12920 | Lair:5   | 12920 ||| Stepping ~*~*~tactically~*~*~ (stealth).
 12948 | Lair:5   | Gained mutation: Your large and strong wings let you fly.
                  | [Gargoyle growth]
 12948 | Lair:5   | Reached XP level 14. HP: 74/88 MP: 18/21
 13099 | Lair:5   | 13099 ||| Stepping ~*~*~tactically~*~*~ (stealth).
 13100 | Lair:5   | 13100 ||| Stepping ~*~*~tactically~*~*~ (stealth).
 13101 | Lair:5   | 13101 ||| Stepping ~*~*~tactically~*~*~ (stealth).
 13102 | Lair:5   | 13102 ||| Stepping ~*~*~tactically~*~*~ (stealth).
 13111 | Lair:5   | Found the +9 scales of the Dragon King {rPois rF+ rC+
                  | Will+}
 13129 | Lair:5   | 13129 ||| INVOKING Heroism.
 13151 | Lair:5   | Received a gift from Okawaru
 13195 | Lair:5   | 13195 ||| FLEEEEING.
 13196 | Lair:5   | 13196 ||| FLEEEEING.
 13197 | Lair:5   | 13197 ||| FLEEEEING.
 13200 | Lair:5   | 13200 ||| STAIRDANCE
 13224 | Lair:4   | 13224 ||| UPGRADING to +9 scales of the Dragon King {rPois
                  | rF+ rC+ Will+}.
 13234 | Lair:4   | 13234 ||| DROPPING +10 plate armour of ponderousness.
 13235 | Lair:4   | 13235 ||| DROPPING +2 chain mail of fire resistance.
 13253 | Lair:5   | 13253 ||| INVOKING Heroism.
 13338 | Lair:5   | 13338 ||| SWAPPING to +1 vampiric war axe.
 13387 | Lair:5   | 13387 ||| Stepping ~*~*~tactically~*~*~ (stealth).
 13390 | Lair:5   | 13390 ||| Stepping ~*~*~tactically~*~*~ (hiding).
 13391 | Lair:5   | 13391 ||| Stepping ~*~*~tactically~*~*~ (hiding).
 13488 | Lair:5   | 13488 ||| READING scroll of acquirement.
 13488 | Lair:5   | 13488 ||| ACQUIRING +2 pair of gloves of dexterity
 13488 | Lair:5   | Acquired a +2 pair of gloves of dexterity
 13490 | Lair:5   | 13490 ||| UPGRADING to +2 pair of gloves of dexterity.
 13545 | Lair:5   | Reached ****** piety under Okawaru
 13584 | Lair:5   | Found the +8 arc blade {discharge, rElec}
 13595 | Lair:5   | 13595 ||| UPGRADING to +0 helmet.
 13607 | Lair:5   | 13607 ||| Stepping ~*~*~tactically~*~*~ (hiding).
 13650 | Lair:5   | Reached skill level 10 in Armour
 13709 | Lair:5   | 13709 ||| Stepping ~*~*~tactically~*~*~ (stealth).
 13751 | Lair:5   | Found a viscous altar of Jiyva.
 13751 | Lair:5   | Found a staircase to the Slime Pits.
 13804 | Lair:5   | 13804 ||| PLANNING D:1-11
 13804 | Lair:5   | 13804 ||| DROPPING amulet of faith.
 14049 | D:11     | 14049 ||| Stepping ~*~*~tactically~*~*~ (stealth).
 14053 | D:11     | Found a staircase to the Orcish Mines.
 14054 | D:11     | 14054 ||| INVOKING Heroism.
 14126 | D:11     | 14126 ||| Stepping randomly (disturbance).
 14127 | D:11     | 14127 ||| Stepping randomly (disturbance).
 14214 | D:11     | 14214 ||| INVOKING Heroism.
 14370 | D:11     | Noticed Fannar
 14393 | D:11     | 14393 ||| INVOKING Heroism.
 14401 | D:11     | Killed Fannar
 14402 | D:11     | Reached skill level 11 in Armour
 14510 | D:11     | 14510 ||| INVOKING Heroism.
 14545 | D:11     | 14545 ||| Stepping ~*~*~tactically~*~*~ (stealth).
 14546 | D:11     | 14546 ||| Stepping ~*~*~tactically~*~*~ (stealth).
 14548 | D:11     | 14548 ||| INVOKING Heroism.
 14549 | D:11     | 14549 ||| INVOKING Finesse.
 14553 | D:11     | Received a gift from Okawaru
 14554 | D:11     | Reached skill level 3 in Dodging
 14613 | D:11     | 14613 ||| DROPPING +1 war axe of electrocution.
 14620 | D:11     | 14620 ||| Stepping ~*~*~tactically~*~*~ (stealth).
 14621 | D:11     | 14621 ||| Stepping ~*~*~tactically~*~*~ (stealth).
 14632 | D:11     | 14632 ||| READING scroll of enchant armour.
 14632 | D:11     | 14632 ||| ENCHANTING +0 helmet.
 14639 | D:11     | Identified the +4 scale mail of Tomorrow {Str+2 Int+4}
 14700 | D:11     | 14700 ||| READING scroll of enchant armour.
 14700 | D:11     | 14700 ||| ENCHANTING +1 helmet.
 14862 | D:11     | 14862 ||| PLANNING D
 14862 | D:11     | 14862 ||| DROPPING amulet of guardian spirit.
 14863 | D:11     | 14863 ||| READING 7 scrolls of identify.
 14863 | D:11     | 14863 ||| IDENTIFYING sedimented yellow potion
 15050 | D:12     | You are sucked into a shaft and drop 3 floors!
 15050 | D:15     | Entered Level 15 of the Dungeon
 15060 | D:15     | 15060 ||| Stepping ~*~*~tactically~*~*~ (stealth).
 15083 | D:15     | Reached skill level 12 in Armour
 15099 | D:15     | Reached skill level 12 in Shields
 15134 | D:13     | 15134 ||| INVOKING Heroism.
 15382 | D:12     | 15382 ||| INVOKING Heroism.
 15814 | D:13     | Found a gate to the Vaults.
 15815 | D:13     | 15815 ||| INVOKING Heroism.
 15816 | D:13     | 15816 ||| INVOKING Finesse.
 15837 | D:13     | Received a gift from Okawaru
 15838 | D:13     | Reached XP level 15. HP: 94/94 MP: 15/22
 15846 | D:13     | Received a gift from Okawaru
 15851 | D:13     | Reached skill level 15 in Axes
 15911 | D:13     | 15911 ||| INVOKING Heroism.
 16034 | D:13     | 16034 ||| Stepping randomly (disturbance).
 16227 | D:13     | Found a runed translucent gate.
 16227 | D:13     | Noticed Leinaam's ghost (journeyman MiBe)
 16228 | D:13     | Found a runed translucent gate.
 16229 | D:13     | Found a runed translucent gate.
 16243 | D:13     | Found an iron altar of Okawaru.
 16317 | D:13     | 16317 ||| INVOKING Heroism.
 16318 | D:13     | 16318 ||| SWAPPING to +1 broad axe of flaming.
 16323 | D:13     | 16323 ||| SWAPPING to +1 vampiric war axe.
 16489 | D:13     | 16489 ||| Stepping ~*~*~tactically~*~*~ (hiding).
 16572 | D:13     | Identified the ring of Sausuapu {rC+ Will+ rCorr}
 16656 | D:14     | 16656 ||| INVOKING Heroism.
 16667 | D:14     | Reached skill level 13 in Armour
 16698 | D:14     | 16698 ||| INVOKING Heroism.
 16706 | D:14     | Received a gift from Okawaru
 16717 | D:14     | Reached skill level 12 in Fighting
 16719 | D:14     | 16719 ||| DROPPING +2 war axe of flaming.
 16740 | D:14     | 16740 ||| INVOKING Finesse.
 16741 | D:14     | 16741 ||| INVOKING Heroism.
 16742 | D:14     | 16742 ||| SWAPPING to +1 broad axe of flaming.
 16743 | D:14     | 16743 ||| Stepping ~*~*~tactically~*~*~ (stealth).
 16750 | D:14     | 16750 ||| SWAPPING to +1 vampiric war axe.
 16909 | D:14     | Noticed Josephine
 16911 | D:14     | 16911 ||| INVOKING Heroism.
 16918 | D:14     | Killed Josephine
 17103 | D:14     | 17103 ||| Stepping ~*~*~tactically~*~*~ (hiding).
 17112 | D:14     | 17112 ||| INVOKING Heroism.
 17112 | D:14     | Noticed a fire giant
 17137 | D:14     | Killed a fire giant
 17140 | D:14     | Noticed an orc warlord
 17141 | D:14     | 17141 ||| INVOKING Finesse.
 17154 | D:14     | Identified the +8 executioner's axe "Pumekekk" {flame,
                  | Drain rN+ Will+} (Okawaru gifted it to you on level 14 of
                  | the Dungeon)
 17154 | D:14     | Received a gift from Okawaru
 17155 | D:14     | Noticed Nessos
 17169 | D:14     | Killed an orc warlord
 17182 | D:14     | Found the +5 sword of Power {vorpal}
 17183 | D:14     | Killed Nessos
 17197 | D:14     | Noticed a fire giant
 17198 | D:14     | 17198 ||| Stepping ~*~*~tactically~*~*~ (hiding).
 17200 | D:14     | 17200 ||| Stepping ~*~*~tactically~*~*~ (hiding).
 17205 | D:14     | 17205 ||| INVOKING Heroism.
 17211 | D:14     | Killed a fire giant
 17216 | D:14     | Noticed a storm dragon
 17217 | D:14     | 17217 ||| Stepping ~*~*~tactically~*~*~ (stealth).
 17339 | D:14     | 17339 ||| Stepping ~*~*~tactically~*~*~ (hiding).
 17344 | D:14     | 17344 ||| INVOKING Heroism.
 17368 | D:14     | Killed a storm dragon
 17666 | D:14     | 17666 ||| DROPPING +6 ring of intelligence.
 17667 | D:14     | 17667 ||| READING scroll labelled BEZIXZE PASYEW.
 17725 | D:14     | 17725 ||| READING 9 scrolls of identify.
 17725 | D:14     | 17725 ||| IDENTIFYING fizzy grey potion
 17959 | D:15     | Found an opulent altar of Gozag.
 18003 | D:15     | 18003 ||| INVOKING Heroism.
 18036 | D:15     | Received a gift from Okawaru
 18045 | D:15     | Reached XP level 16. HP: 101/101 MP: 23/23
 18134 | D:15     | 18134 ||| Stepping ~*~*~tactically~*~*~ (hiding).
 18268 | D:15     | 18268 ||| INVOKING Heroism.
 18339 | D:15     | Received a gift from Okawaru
 18367 | D:15     | Found a staircase to the Depths.
 18368 | D:15     | 18368 ||| INVOKING Heroism.
 18443 | D:15     | 18443 ||| PLANNING ORC
 18519 | Orc:1    | Entered Level 1 of the Orcish Mines
 18520 | Orc:1    | 18520 ||| Stepping ~*~*~tactically~*~*~ (hiding).
 18521 | Orc:1    | 18521 ||| INVOKING Heroism.
 18551 | Orc:1    | Reached skill level 14 in Armour
 18701 | Orc:1    | 18701 ||| Stepping ~*~*~tactically~*~*~ (stealth).
 18703 | Orc:1    | 18703 ||| Stepping ~*~*~tactically~*~*~ (hiding).
 18707 | Orc:1    | 18707 ||| Stepping ~*~*~tactically~*~*~ (hiding).
 18708 | Orc:1    | 18708 ||| Stepping ~*~*~tactically~*~*~ (hiding).
 18709 | Orc:1    | 18709 ||| Stepping ~*~*~tactically~*~*~ (hiding).
 18711 | Orc:1    | 18711 ||| INVOKING Heroism.
 18871 | Orc:2    | Entered Level 2 of the Orcish Mines
 18935 | Orc:2    | 18935 ||| FLEEEEING.
 18939 | Orc:2    | 18939 ||| FLEEEEING.
 18940 | Orc:2    | 18940 ||| FLEEEEING.
 18941 | Orc:2    | 18941 ||| FLEEEEING.
 18942 | Orc:2    | 18942 ||| FLEEEEING.
 18951 | Orc:2    | Found a staircase to the Elven Halls.
 19231 | Orc:2    | 19231 ||| STAIRDANCE
 19339 | Orc:2    | 19339 ||| Stepping ~*~*~tactically~*~*~ (stealth).
 19394 | Orc:2    | 19394 ||| Stepping ~*~*~tactically~*~*~ (stealth).
 19396 | Orc:2    | 19396 ||| Stepping ~*~*~tactically~*~*~ (stealth).
 19397 | Orc:2    | 19397 ||| Stepping ~*~*~tactically~*~*~ (stealth).
 19399 | Orc:2    | 19399 ||| Stepping ~*~*~tactically~*~*~ (hiding).
 19400 | Orc:2    | 19400 ||| Stepping ~*~*~tactically~*~*~ (hiding).
 19417 | Orc:2    | 19417 ||| Stepping ~*~*~tactically~*~*~ (stealth).
 19419 | Orc:2    | 19419 ||| INVOKING Heroism.
 19425 | Orc:2    | 19425 ||| Stepping ~*~*~tactically~*~*~ (stealth).
 19440 | Orc:2    | 19440 ||| Stepping ~*~*~tactically~*~*~ (stealth).
 19441 | Orc:2    | 19441 ||| Stepping ~*~*~tactically~*~*~ (stealth).
 19515 | Orc:2    | 19515 ||| Stepping ~*~*~tactically~*~*~ (stealth).
 19571 | Orc:2    | 19571 ||| Stepping ~*~*~tactically~*~*~ (hiding).
 19575 | Orc:2    | 19575 ||| INVOKING Heroism.
 19577 | Orc:2    | Found Udoomefe's Antique Weapon Emporium.
 19594 | Orc:2    | 19594 ||| Stepping ~*~*~tactically~*~*~ (hiding).
 19607 | Orc:2    | Received a gift from Okawaru
 19609 | Orc:2    | 19609 ||| Stepping ~*~*~tactically~*~*~ (hiding).
 19652 | Orc:2    | 19652 ||| Stepping ~*~*~tactically~*~*~ (stealth).
 19658 | Orc:2    | 19658 ||| INVOKING Heroism.
 19698 | Orc:2    | Found Qeonam's Armour Boutique.
 19699 | Orc:2    | 19699 ||| Stepping ~*~*~tactically~*~*~ (stealth).
 19704 | Orc:2    | 19704 ||| Stepping ~*~*~tactically~*~*~ (stealth).
 19706 | Orc:2    | 19706 ||| Stepping ~*~*~tactically~*~*~ (hiding).
 19707 | Orc:2    | 19707 ||| Stepping ~*~*~tactically~*~*~ (hiding).
 19709 | Orc:2    | Found Ybienta's Assorted Antiques.
 19781 | Orc:2    | 19781 ||| Stepping ~*~*~tactically~*~*~ (stealth).
 19784 | Orc:2    | 19784 ||| Stepping ~*~*~tactically~*~*~ (hiding).
 19785 | Orc:2    | 19785 ||| INVOKING Heroism.
 19802 | Orc:2    | Found Manweg's Magic Scroll Emporium.
 19808 | Orc:2    | 19808 ||| BUYING potion of heal wounds (115 gold).
 19808 | Orc:2    | Bought a potion of heal wounds for 115 gold pieces
 19808 | Orc:2    | 19808 ||| BUYING potion of might (92 gold).
 19808 | Orc:2    | Bought a potion of might for 92 gold pieces
 19808 | Orc:2    | 19808 ||| BUYING runed tower shield (172 gold).
 19808 | Orc:2    | Bought a runed tower shield for 172 gold pieces
 19808 | Orc:2    | 19808 ||| BUYING scroll of teleportation (69 gold).
 19808 | Orc:2    | Bought a scroll of teleportation for 69 gold pieces
 19808 | Orc:2    | 19808 ||| BUYING small tourmaline ring (115 gold).
 19808 | Orc:2    | Bought a small tourmaline ring for 115 gold pieces
 19811 | Orc:2    | 19811 ||| BUYING 2 scrolls of teleportation (90 gold).
 19811 | Orc:2    | Bought 2 scrolls of teleportation for 90 gold pieces
 19811 | Orc:2    | 19811 ||| BUYING scroll of enchant weapon (112 gold).
 19811 | Orc:2    | Bought a scroll of enchant weapon for 112 gold pieces
 19811 | Orc:2    | 19811 ||| BUYING scroll of teleportation (45 gold).
 19811 | Orc:2    | Bought a scroll of teleportation for 45 gold pieces
 19811 | Orc:2    | 19811 ||| READING scroll of enchant weapon.
 19811 | Orc:2    | 19811 ||| ENCHANTING +1 vampiric war axe.
 19834 | Orc:2    | 19834 ||| PLANNING SHOALS:1-3
 19834 | Orc:2    | 19834 ||| UPGRADING to +0 tower shield of fire resistance.
 19844 | Orc:2    | 19844 ||| DROPPING +0 kite shield of the Puckish Dragon
                  | {-Cast rC+ Str+3}.
 19845 | Orc:2    | 19845 ||| DROPPING ring of poison resistance.
 19854 | Orc:2    | 19854 ||| Stepping ~*~*~tactically~*~*~ (hiding).
 19855 | Orc:2    | 19855 ||| Stepping ~*~*~tactically~*~*~ (hiding).
 19859 | Orc:2    | 19859 ||| INVOKING Heroism.
 20011 | Shoals:1 | Entered Level 1 of the Shoals
 20012 | Shoals:1 | 20012 ||| INVOKING Heroism.
 20046 | Shoals:1 | 20046 ||| INVOKING Heroism.
 20058 | Shoals:1 | Received a gift from Okawaru
 20224 | Shoals:1 | 20224 ||| Stepping ~*~*~tactically~*~*~ (hiding).
 20257 | Shoals:1 | Noticed Louise
 20258 | Shoals:1 | 20258 ||| INVOKING Heroism.
 20259 | Shoals:1 | 20259 ||| INVOKING Finesse.
 20305 | Shoals:1 | Killed Louise
 20607 | Shoals:1 | 20607 ||| INVOKING Heroism.
 20666 | Shoals:1 | 20666 ||| Stepping ~*~*~tactically~*~*~ (hiding).
 20824 | Shoals:1 | Identified the +3 leather armour of Tilom {rElec rC+ rN++
                  | Int-3}
 20827 | Shoals:1 | 20827 ||| READING scroll of enchant armour.
 20827 | Shoals:1 | 20827 ||| ENCHANTING +0 cloak.
 20990 | Shoals:1 | 20990 ||| READING 8 scrolls of identify.
 20990 | Shoals:1 | 20990 ||| IDENTIFYING fizzy white potion
 20991 | Shoals:1 | 20991 ||| DROPPING potion of brilliance.
 21031 | Shoals:2 | 21031 ||| INVOKING Heroism.
 21048 | Shoals:2 | 21048 ||| Stepping ~*~*~tactically~*~*~ (hiding).
 21068 | Shoals:2 | 21068 ||| INVOKING Heroism.
 21147 | Shoals:2 | Noticed Polyphemus
 21148 | Shoals:2 | 21148 ||| INVOKING Heroism.
 21149 | Shoals:2 | 21149 ||| INVOKING Finesse.
 21160 | Shoals:2 | Reached skill level 15 in Shields
 21175 | Shoals:2 | Killed Polyphemus
 21390 | Shoals:2 | 21390 ||| INVOKING Heroism.
 21473 | Shoals:2 | 21473 ||| Stepping ~*~*~tactically~*~*~ (hiding).
 21474 | Shoals:2 | 21474 ||| Stepping ~*~*~tactically~*~*~ (hiding).
 21478 | Shoals:2 | 21478 ||| INVOKING Heroism.
 21506 | Shoals:2 | 21506 ||| Stepping ~*~*~tactically~*~*~ (hiding).
 21507 | Shoals:2 | 21507 ||| Stepping ~*~*~tactically~*~*~ (hiding).
 21773 | Shoals:2 | 21773 ||| Stepping ~*~*~tactically~*~*~ (stealth).
 21775 | Shoals:2 | 21775 ||| Stepping ~*~*~tactically~*~*~ (stealth).
 21778 | Shoals:2 | 21778 ||| Stepping ~*~*~tactically~*~*~ (hiding).
 21779 | Shoals:2 | 21779 ||| Stepping ~*~*~tactically~*~*~ (hiding).
 22106 | Shoals:3 | 22106 ||| STAIRDANCE
 22135 | Shoals:3 | 22135 ||| READING scroll of enchant armour.
 22135 | Shoals:3 | 22135 ||| ENCHANTING +1 cloak.
 22147 | Shoals:3 | Received a gift from Okawaru
 22148 | Shoals:3 | Reached XP level 17. HP: 101/108 MP: 24/24
 22180 | Shoals:3 | 22180 ||| Stepping ~*~*~tactically~*~*~ (stealth).
 22195 | Shoals:3 | 22195 ||| Stepping ~*~*~tactically~*~*~ (stealth).
 22196 | Shoals:3 | 22196 ||| INVOKING Heroism.
 22355 | Shoals:3 | 22355 ||| INVOKING Heroism.
 22356 | Shoals:3 | Noticed Nikola
 22357 | Shoals:3 | 22357 ||| INVOKING Finesse.
 22398 | Shoals:3 | Killed Nikola
 22489 | Shoals:3 | 22489 ||| Stepping ~*~*~tactically~*~*~ (stealth).
 22492 | Shoals:3 | 22492 ||| Stepping ~*~*~tactically~*~*~ (stealth).
 22608 | Shoals:3 | 22608 ||| INVOKING Heroism.
 22911 | Shoals:3 | 22911 ||| INVOKING Heroism.
 22912 | Shoals:3 | 22912 ||| Stepping ~*~*~tactically~*~*~ (hiding).
 22913 | Shoals:3 | 22913 ||| Stepping ~*~*~tactically~*~*~ (hiding).
 23057 | Shoals:3 | 23057 ||| PLANNING SNAKE:1-3
 23057 | Shoals:3 | 23057 ||| DROPPING +0 pair of boots of rampaging.
 23058 | Shoals:3 | 23058 ||| DROPPING ring of wizardry.
 23165 | Snake:1  | Entered Level 1 of the Snake Pit
 23188 | Snake:1  | 23188 ||| Stepping ~*~*~tactically~*~*~ (hiding).
 23191 | Snake:1  | 23191 ||| Stepping ~*~*~tactically~*~*~ (hiding).
 23195 | Snake:1  | 23195 ||| INVOKING Heroism.
 23212 | Snake:1  | 23212 ||| Stepping ~*~*~tactically~*~*~ (hiding).
 23242 | Snake:1  | 23242 ||| INVOKING Heroism.
 23292 | Snake:1  | Found Zopoagut's Weapon Shoppe.
 23314 | Snake:1  | 23314 ||| Stepping ~*~*~tactically~*~*~ (stealth).
 23317 | Snake:1  | 23317 ||| INVOKING Heroism.
 23340 | Snake:1  | 23340 ||| INVOKING Heroism.
 23362 | Snake:1  | Noticed Aizul
 23363 | Snake:1  | 23363 ||| INVOKING Finesse.
 23364 | Snake:1  | 23364 ||| INVOKING Heroism.
 23401 | Snake:1  | Killed Aizul
 23402 | Snake:1  | Reached skill level 15 in Armour
 23484 | Snake:1  | 23484 ||| Stepping ~*~*~tactically~*~*~ (hiding).
 23853 | Snake:1  | 23853 ||| Stepping ~*~*~tactically~*~*~ (hiding).
 23854 | Snake:1  | 23854 ||| Stepping ~*~*~tactically~*~*~ (hiding).
 23975 | Snake:1  | 23975 ||| Stepping ~*~*~tactically~*~*~ (hiding).
 23976 | Snake:1  | 23976 ||| Stepping ~*~*~tactically~*~*~ (hiding).
 23994 | Snake:1  | 23994 ||| Stepping ~*~*~tactically~*~*~ (hiding).
 23995 | Snake:1  | 23995 ||| Stepping ~*~*~tactically~*~*~ (hiding).
 24135 | Snake:1  | Noticed Jorgrun
 24136 | Snake:1  | 24136 ||| Stepping ~*~*~tactically~*~*~ (hiding).
 24147 | Snake:1  | 24147 ||| INVOKING Heroism.
 24154 | Snake:1  | Killed Jorgrun
 24154 | Snake:1  | Received a gift from Okawaru
 24205 | Snake:1  | Noticed Rupert
 24206 | Snake:1  | 24206 ||| INVOKING Heroism.
 24207 | Snake:1  | 24207 ||| INVOKING Finesse.
 24220 | Snake:1  | Killed Rupert
 24409 | Snake:1  | 24409 ||| Stepping ~*~*~tactically~*~*~ (hiding).
 24611 | Snake:2  | 24611 ||| Stepping ~*~*~tactically~*~*~ (hiding).
 24612 | Snake:2  | 24612 ||| Stepping ~*~*~tactically~*~*~ (hiding).
 24756 | Snake:2  | 24756 ||| Stepping ~*~*~tactically~*~*~ (stealth).
 24762 | Snake:2  | Received a gift from Okawaru
 24854 | Snake:2  | 24854 ||| Stepping ~*~*~tactically~*~*~ (hiding).
 24980 | Snake:2  | 24980 ||| Stepping ~*~*~tactically~*~*~ (hiding).
 25018 | Snake:2  | 25018 ||| INVOKING Heroism.
 25319 | Snake:2  | 25319 ||| INVOKING Heroism.
 25321 | Snake:2  | 25321 ||| Stepping ~*~*~tactically~*~*~ (hiding).
 25322 | Snake:2  | 25322 ||| Stepping ~*~*~tactically~*~*~ (hiding).
 25323 | Snake:2  | 25323 ||| Stepping ~*~*~tactically~*~*~ (hiding).
 25541 | Snake:3  | 25541 ||| INVOKING Heroism.
 25549 | Snake:3  | Reached skill level 18 in Shields
 25605 | Snake:3  | 25605 ||| INVOKING Heroism.
 25773 | Snake:3  | 25773 ||| Stepping ~*~*~tactically~*~*~ (hiding).
 25778 | Snake:3  | 25778 ||| Stepping ~*~*~tactically~*~*~ (hiding).
 25786 | Snake:3  | 25786 ||| INVOKING Heroism.
 25797 | Snake:3  | Reached XP level 18. HP: 116/116 MP: 23/25
 25875 | Snake:3  | 25875 ||| Stepping ~*~*~tactically~*~*~ (hiding).
 26070 | Snake:3  | 26070 ||| Stepping ~*~*~tactically~*~*~ (hiding).
 26084 | Snake:3  | 26084 ||| Stepping ~*~*~tactically~*~*~ (hiding).
 26085 | Snake:3  | 26085 ||| INVOKING Heroism.
 26102 | Snake:3  | Reached skill level 16 in Armour
 26114 | Snake:3  | 26114 ||| INVOKING Heroism.
 26150 | Snake:3  | 26150 ||| Stepping ~*~*~tactically~*~*~ (stealth).
 26151 | Snake:3  | 26151 ||| Stepping ~*~*~tactically~*~*~ (hiding).
 26154 | Snake:3  | 26154 ||| Stepping ~*~*~tactically~*~*~ (hiding).
 26172 | Snake:3  | 26172 ||| INVOKING Heroism.
 26207 | Snake:3  | 26207 ||| Stepping ~*~*~tactically~*~*~ (hiding).
 26208 | Snake:3  | 26208 ||| Stepping ~*~*~tactically~*~*~ (hiding).
 26252 | Snake:3  | 26252 ||| Stepping ~*~*~tactically~*~*~ (hiding).
 26253 | Snake:3  | 26253 ||| Stepping ~*~*~tactically~*~*~ (hiding).
 26296 | Snake:3  | 26296 ||| Stepping ~*~*~tactically~*~*~ (hiding).
 26298 | Snake:3  | 26298 ||| Stepping ~*~*~tactically~*~*~ (hiding).
 26300 | Snake:3  | 26300 ||| INVOKING Heroism.
 26497 | Snake:3  | Identified the +7 demon trident "Rojor" {drain, Fly Will+
                  | Int-2} (Okawaru gifted it to you on level 3 of the Snake
                  | Pit)
 26497 | Snake:3  | Received a gift from Okawaru
 26648 | Snake:3  | 26648 ||| INVOKING Heroism.
 26662 | Snake:3  | Reached skill level 15 in Fighting
 26768 | Snake:3  | 26768 ||| PLANNING SHOALS:4
 26923 | Shoals:2 | 26923 ||| Stepping ~*~*~tactically~*~*~ (hiding).
 26964 | Shoals:4 | Entered Level 4 of the Shoals
 27034 | Shoals:4 | Found Tihof's Weapon Emporium.
 27058 | Shoals:4 | 27058 ||| Stepping ~*~*~tactically~*~*~ (stealth).
 27060 | Shoals:4 | 27060 ||| INVOKING Heroism.
 27063 | Shoals:4 | 27063 ||| Stepping ~*~*~tactically~*~*~ (hiding).
 27147 | Shoals:4 | 27147 ||| Stepping ~*~*~tactically~*~*~ (hiding).
 27150 | Shoals:4 | 27150 ||| INVOKING Heroism.
 27185 | Shoals:4 | 27185 ||| INVOKING Heroism.
 27425 | Shoals:4 | Found Vuxkup's Weapon Shoppe.
 27446 | Shoals:4 | 27446 ||| INVOKING Heroism.
 27447 | Shoals:4 | Found Piakum's Magic Scroll Shop.
 27471 | Shoals:4 | Reached skill level 17 in Armour
 27488 | Shoals:4 | 27488 ||| INVOKING Heroism.
 27538 | Shoals:4 | 27538 ||| BUYING scroll of teleportation (60 gold).
 27538 | Shoals:4 | Bought a scroll of teleportation for 60 gold pieces
 27538 | Shoals:4 | 27538 ||| BUYING scroll of teleportation (60 gold).
 27538 | Shoals:4 | Bought a scroll of teleportation for 60 gold pieces
 27538 | Shoals:4 | 27538 ||| BUYING scroll of teleportation (60 gold).
 27538 | Shoals:4 | Bought a scroll of teleportation for 60 gold pieces
 27545 | Shoals:4 | Found Muploh Daarph's General Store.
 27555 | Shoals:4 | 27555 ||| BUYING potion of heal wounds (70 gold).
 27555 | Shoals:4 | Bought a potion of heal wounds for 70 gold pieces
 27555 | Shoals:4 | 27555 ||| BUYING scroll of teleportation (42 gold).
 27555 | Shoals:4 | Bought a scroll of teleportation for 42 gold pieces
 27572 | Shoals:4 | Found the amulet of the Four Winds {rN+ Will+++ Clar}
 27629 | Shoals:4 | 27629 ||| Stepping ~*~*~tactically~*~*~ (hiding).
 27767 | Shoals:4 | 27767 ||| Stepping ~*~*~tactically~*~*~ (hiding).
 27770 | Shoals:4 | 27770 ||| INVOKING Heroism.
 27771 | Shoals:4 | 27771 ||| INVOKING Finesse.
 27811 | Shoals:4 | 27811 ||| Stepping ~*~*~tactically~*~*~ (hiding).
 27820 | Shoals:4 | Received a gift from Okawaru
 27850 | Shoals:4 | 27850 ||| INVOKING Heroism.
 27874 | Shoals:4 | Got a barnacled rune of Zot
 27968 | Shoals:4 | 27968 ||| Stepping ~*~*~tactically~*~*~ (hiding).
 27970 | Shoals:4 | 27970 ||| Stepping ~*~*~tactically~*~*~ (hiding).
 28054 | Shoals:4 | Identified the +2 pair of boots of the Sun {+Inv rC+ Int-2}
 28092 | Shoals:4 | 28092 ||| Stepping ~*~*~tactically~*~*~ (hiding).
 28151 | Shoals:4 | 28151 ||| INVOKING Heroism.
 28231 | Shoals:4 | 28231 ||| PLANNING VAULTS:1-4
 28231 | Shoals:4 | 28231 ||| UPGRADING to +2 pair of boots of the Sun {+Inv
                  | rC+ Int-2}.
 28241 | Shoals:4 | 28241 ||| DROPPING +2 pair of boots.
 28242 | Shoals:4 | 28242 ||| DROPPING amulet of magic regeneration.
 28243 | Shoals:4 | 28243 ||| UPGRADING to amulet of the Four Winds {rN+
                  | Will+++ Clar}.
 28494 | Vaults:1 | Entered Level 1 of the Vaults
 28572 | Vaults:1 | 28572 ||| INVOKING Heroism.
 28573 | Vaults:1 | 28573 ||| INVOKING Finesse.
 28628 | Vaults:1 | Reached skill level 6 in Throwing
 28629 | Vaults:1 | Identified the +1 plate armour of Okawaru's Esteem {rC+
                  | Regen+ Int+3} (Okawaru gifted it to you on level 1 of the
                  | Vaults)
 28629 | Vaults:1 | Received a gift from Okawaru
 28652 | Vaults:1 | 28652 ||| INVOKING Heroism.
 28704 | Vaults:1 | Reached XP level 19. HP: 125/125 MP: 26/26
 28744 | Vaults:1 | 28744 ||| Stepping ~*~*~tactically~*~*~ (hiding).
 28886 | Vaults:1 | 28886 ||| INVOKING Heroism.
 28954 | Vaults:1 | 28954 ||| Stepping ~*~*~tactically~*~*~ (hiding).
 29077 | Vaults:1 | 29077 ||| Stepping ~*~*~tactically~*~*~ (hiding).
 29130 | Vaults:1 | 29130 ||| INVOKING Heroism.
 29194 | Vaults:1 | 29194 ||| INVOKING Heroism.
 29209 | Vaults:1 | 29209 ||| Stepping ~*~*~tactically~*~*~ (hiding).
 29232 | Vaults:1 | 29232 ||| Stepping ~*~*~tactically~*~*~ (stealth).
 29233 | Vaults:1 | 29233 ||| Stepping ~*~*~tactically~*~*~ (stealth).
 29281 | Vaults:1 | 29281 ||| Stepping ~*~*~tactically~*~*~ (hiding).
 29291 | Vaults:1 | Reached skill level 18 in Armour
 29305 | Vaults:1 | 29305 ||| Stepping ~*~*~tactically~*~*~ (hiding).
 29315 | Vaults:1 | 29315 ||| INVOKING Heroism.
 29404 | Vaults:1 | Identified the +0 leather armour of Snakes and Ladders
                  | {rC+}
 29645 | Vaults:1 | 29645 ||| Stepping ~*~*~tactically~*~*~ (hiding).
 29999 | Vaults:2 | 29999 ||| Stepping ~*~*~tactically~*~*~ (hiding).
 30002 | Vaults:2 | 30002 ||| Stepping ~*~*~tactically~*~*~ (hiding).
 30047 | Vaults:2 | Noticed Bai Suzhen
 30048 | Vaults:2 | 30048 ||| INVOKING Heroism.
 30049 | Vaults:2 | 30049 ||| INVOKING Finesse.
 30093 | Vaults:2 | Killed Bai Suzhen
 30094 | Vaults:2 | 30094 ||| Stepping randomly (cloudy).
 30106 | Vaults:2 | Received a gift from Okawaru
 30278 | Vaults:2 | 30278 ||| INVOKING Heroism.
 30292 | Vaults:2 | Received a gift from Okawaru
 30322 | Vaults:2 | 30322 ||| INVOKING Heroism.
 30574 | Vaults:2 | Identified the +4 broad axe "Unweezem" {antimagic, Fragile
                  | rPois rCorr} (Okawaru gifted it to you on level 2 of the
                  | Vaults)
 30574 | Vaults:2 | Received a gift from Okawaru
 30778 | Vaults:2 | 30778 ||| Stepping ~*~*~tactically~*~*~ (hiding).
 30799 | Vaults:2 | 30799 ||| Stepping randomly (stuck).
 30800 | Vaults:2 | 30800 ||| Stepping ~*~*~tactically~*~*~ (hiding).
 30801 | Vaults:2 | 30801 ||| Stepping ~*~*~tactically~*~*~ (hiding).
 30803 | Vaults:2 | 30803 ||| Stepping ~*~*~tactically~*~*~ (hiding).
 30819 | Vaults:2 | 30819 ||| Stepping randomly (stuck).
 30821 | Vaults:2 | 30821 ||| Stepping randomly (stuck).
 30824 | Vaults:2 | 30824 ||| Stepping ~*~*~tactically~*~*~ (stealth).
 30860 | Vaults:2 | 30860 ||| Stepping ~*~*~tactically~*~*~ (stealth).
 30878 | Vaults:2 | 30878 ||| INVOKING Heroism.
 30913 | Vaults:2 | 30913 ||| Stepping randomly (stuck).
 30967 | Vaults:2 | 30967 ||| INVOKING Heroism.
 30971 | Vaults:2 | 30971 ||| Stepping ~*~*~tactically~*~*~ (stealth).
 30973 | Vaults:2 | 30973 ||| Stepping ~*~*~tactically~*~*~ (stealth).
 30974 | Vaults:2 | 30974 ||| Stepping ~*~*~tactically~*~*~ (stealth).
 31018 | Vaults:2 | 31018 ||| Stepping ~*~*~tactically~*~*~ (stealth).
 31019 | Vaults:2 | 31019 ||| Stepping ~*~*~tactically~*~*~ (stealth).
 31082 | Vaults:2 | 31082 ||| Stepping ~*~*~tactically~*~*~ (stealth).
 31098 | Vaults:2 | Received a gift from Okawaru
 31100 | Vaults:2 | 31100 ||| Stepping ~*~*~tactically~*~*~ (stealth).
 31101 | Vaults:2 | 31101 ||| Stepping ~*~*~tactically~*~*~ (stealth).
 31109 | Vaults:2 | 31109 ||| Stepping ~*~*~tactically~*~*~ (stealth).
 31113 | Vaults:2 | Reached XP level 20. HP: 134/134 MP: 27/27
 31220 | Vaults:2 | 31220 ||| Stepping ~*~*~tactically~*~*~ (stealth).
 31223 | Vaults:2 | 31223 ||| Stepping ~*~*~tactically~*~*~ (stealth).
 31230 | Vaults:2 | Reached skill level 19 in Armour
 31255 | Vaults:2 | 31255 ||| INVOKING Heroism.
 31289 | Vaults:2 | 31289 ||| Stepping ~*~*~tactically~*~*~ (hiding).
 31348 | Vaults:2 | 31348 ||| Stepping ~*~*~tactically~*~*~ (hiding).
 31493 | Vaults:2 | Found Weydeh's Book Boutique.
 31604 | Vaults:2 | 31604 ||| Stepping ~*~*~tactically~*~*~ (stealth).
 31962 | Vaults:3 | 31962 ||| Stepping ~*~*~tactically~*~*~ (hiding).
 31983 | Vaults:3 | 31983 ||| INVOKING Heroism.
 31990 | Vaults:3 | HP: 9/134 [vault warden/+2 broad axe of pain (41)]
 31991 | Vaults:3 | 31991 ||| READING 26 scrolls of teleportation.
 31992 | Vaults:3 | 31992 ||| DRINKING 8 potions of heal wounds.
 31993 | Vaults:3 | 31993 ||| DRINKING 7 potions of heal wounds.
 32000 | Vaults:3 | HP: 32/134 [crystal guardian/crystal bolt[a peacekeeper]
                  | (4)]
 32001 | Vaults:3 | 32001 ||| READING 25 scrolls of teleportation.
 32002 | Vaults:3 | 32002 ||| DRINKING 6 potions of heal wounds.
 32221 | Vaults:3 | 32221 ||| Stepping ~*~*~tactically~*~*~ (hiding).
 32222 | Vaults:3 | 32222 ||| Stepping ~*~*~tactically~*~*~ (hiding).
 32401 | Vaults:3 | 32401 ||| Stepping ~*~*~tactically~*~*~ (hiding).
 32403 | Vaults:3 | 32403 ||| Stepping ~*~*~tactically~*~*~ (hiding).
 32409 | Vaults:3 | 32409 ||| INVOKING Heroism.
 32423 | Vaults:3 | 32423 ||| Stepping ~*~*~tactically~*~*~ (hiding).
 32439 | Vaults:3 | 32439 ||| INVOKING Finesse.
 32495 | Vaults:3 | Reached skill level 18 in Fighting
 32542 | Vaults:3 | 32542 ||| INVOKING Heroism.
 32558 | Vaults:3 | 32558 ||| Stepping ~*~*~tactically~*~*~ (hiding).
 32593 | Vaults:3 | Found Huug's Weapon Shop.
 32597 | Vaults:3 | 32597 ||| Stepping ~*~*~tactically~*~*~ (stealth).
 32624 | Vaults:3 | 32624 ||| Stepping ~*~*~tactically~*~*~ (hiding).
 32650 | Vaults:3 | Found Zerghi's Weapon Boutique.
 32670 | Vaults:3 | 32670 ||| Stepping ~*~*~tactically~*~*~ (hiding).
 32755 | Vaults:3 | 32755 ||| INVOKING Heroism.
 32815 | Vaults:3 | Noticed a bone dragon
 32842 | Vaults:3 | Killed a bone dragon
 32895 | Vaults:3 | Found a staircase to the Crypt.
 32914 | Vaults:3 | 32914 ||| Stepping ~*~*~tactically~*~*~ (hiding).
 32932 | Vaults:3 | 32932 ||| INVOKING Heroism.
 32935 | Vaults:3 | Received a gift from Okawaru
 32935 | Vaults:3 | HP: 32/136 [crystal guardian/crystal bolt[a peacekeeper]
                  | (9)]
 32936 | Vaults:3 | 32936 ||| READING 24 scrolls of teleportation.
 32937 | Vaults:3 | 32937 ||| DRINKING 5 potions of heal wounds.
 33180 | Vaults:3 | 33180 ||| Stepping ~*~*~tactically~*~*~ (stealth).
 33317 | Vaults:3 | 33317 ||| Stepping ~*~*~tactically~*~*~ (hiding).
 33320 | Vaults:3 | 33320 ||| INVOKING Heroism.
 33321 | Vaults:3 | 33321 ||| INVOKING Finesse.
 33882 | Vaults:4 | 33882 ||| PLANNING BAZAAR
 33947 | Vaults:4 | 33947 ||| INVOKING Heroism.
 33979 | Vaults:4 | Reached skill level 20 in Armour
 34034 | Vaults:4 | 34034 ||| Stepping ~*~*~tactically~*~*~ (stealth).
 34036 | Vaults:4 | 34036 ||| INVOKING Heroism.
 34102 | Vaults:4 | Found a flickering gateway to a bazaar.
 34132 | Bazaar   | Entered a bazaar
 34136 | Bazaar   | Found Ynixen's Jewellery Boutique.
 34142 | Bazaar   | 34142 ||| BUYING +4 ring of protection (432 gold).
 34142 | Bazaar   | Bought a +4 ring of protection for 432 gold pieces
 34142 | Bazaar   | 34142 ||| BUYING amulet "Saepp" {RegenMP rF+ rC++} (738
                  | gold).
 34142 | Bazaar   | Bought the amulet "Saepp" {RegenMP rF+ rC++} for 738 gold
                  | pieces
 34142 | Bazaar   | 34142 ||| BUYING ring of fire (300 gold).
 34142 | Bazaar   | Bought a ring of fire for 300 gold pieces
 34142 | Bazaar   | 34142 ||| BUYING ring of ice (300 gold).
 34142 | Bazaar   | Bought a ring of ice for 300 gold pieces
 34142 | Bazaar   | 34142 ||| BUYING ring of protection from fire (300 gold).
 34142 | Bazaar   | Bought a ring of protection from fire for 300 gold pieces
 34142 | Bazaar   | 34142 ||| BUYING ring of protection from fire (300 gold).
 34142 | Bazaar   | Bought a ring of protection from fire for 300 gold pieces
 34158 | Bazaar   | Found Vuwauq's Armour Emporium.
 34179 | Bazaar   | Found Sudekk's Book Boutique.
 34199 | Bazaar   | Found Qeotyd's Antique Weapon Shoppe.
 34218 | Bazaar   | 34218 ||| DROPPING ring of fire.
 34219 | Bazaar   | 34219 ||| DROPPING ring of positive energy.
 34220 | Bazaar   | 34220 ||| UPGRADING to +4 ring of protection.
 34222 | Bazaar   | 34222 ||| DROPPING ring of fire.
 34223 | Bazaar   | 34223 ||| UPGRADING to ring of protection from fire.
 34225 | Bazaar   | 34225 ||| UPGRADING to +6 ring of strength.
 34246 | Vaults:4 | 34246 ||| PLANNING VAULTS:1-4
 34267 | Vaults:4 | 34267 ||| Stepping ~*~*~tactically~*~*~ (hiding).
 34540 | Vaults:4 | 34540 ||| INVOKING Heroism.
 34556 | Vaults:4 | Noticed Mara
 34557 | Vaults:4 | 34557 ||| INVOKING Finesse.
 34558 | Vaults:4 | Noticed qw's illusion
 34585 | Vaults:4 | 34585 ||| INVOKING Heroism.
 34606 | Vaults:4 | 34606 ||| Stepping ~*~*~tactically~*~*~ (hiding).
 34637 | Vaults:4 | 34637 ||| INVOKING Finesse.
 34642 | Vaults:4 | Killed Mara
 34642 | Vaults:4 | Received a gift from Okawaru
 34730 | Vaults:4 | Found a runed translucent door.
 34730 | Vaults:4 | Found a shimmering altar of Xom.
 34730 | Vaults:4 | Noticed Angmar's ghost (veteran DrAE)
 34952 | Vaults:4 | Reached skill level 9 in Throwing
 35130 | Vaults:4 | 35130 ||| PLANNING SNAKE:4
 35431 | Snake:4  | Entered Level 4 of the Snake Pit
 35432 | Snake:4  | 35432 ||| INVOKING Heroism.
 35459 | Snake:4  | 35459 ||| Stepping ~*~*~tactically~*~*~ (hiding).
 35468 | Snake:4  | Received a gift from Okawaru
 35510 | Snake:4  | 35510 ||| INVOKING Heroism.
 35521 | Snake:4  | Reached XP level 21. HP: 141/141 MP: 26/28
 35525 | Snake:4  | Reached skill level 6 in Dodging
 35542 | Snake:4  | Identified the +10 whip "Keunomny" {freeze, rC+ rN+++
                  | Will-}
 35554 | Snake:4  | 35554 ||| INVOKING Heroism.
 35626 | Snake:4  | 35626 ||| INVOKING Heroism.
 35653 | Snake:4  | 35653 ||| INVOKING Heroism.
 35662 | Snake:4  | Received a gift from Okawaru
 35708 | Snake:4  | Got a serpentine rune of Zot
 35739 | Snake:4  | 35739 ||| Stepping ~*~*~tactically~*~*~ (hiding).
 35858 | Snake:4  | 35858 ||| Stepping ~*~*~tactically~*~*~ (hiding).
 35860 | Snake:4  | 35860 ||| Stepping ~*~*~tactically~*~*~ (hiding).
 35863 | Snake:4  | 35863 ||| Stepping ~*~*~tactically~*~*~ (hiding).
 35867 | Snake:4  | 35867 ||| INVOKING Heroism.
 35891 | Snake:4  | 35891 ||| Stepping ~*~*~tactically~*~*~ (hiding).
 35892 | Snake:4  | 35892 ||| Stepping ~*~*~tactically~*~*~ (hiding).
 35896 | Snake:4  | 35896 ||| Stepping ~*~*~tactically~*~*~ (hiding).
 35932 | Snake:4  | 35932 ||| Stepping ~*~*~tactically~*~*~ (stealth).
 35935 | Snake:4  | 35935 ||| Stepping ~*~*~tactically~*~*~ (stealth).
 35942 | Snake:4  | 35942 ||| INVOKING Heroism.
 35945 | Snake:4  | Identified the +6 hand axe "Rasinag" {vorpal, rC+ Will++
                  | Str-5 SInv} (Okawaru gifted it to you on level 4 of the
                  | Snake Pit)
 35945 | Snake:4  | Received a gift from Okawaru
 36129 | Snake:4  | 36129 ||| Stepping ~*~*~tactically~*~*~ (stealth).
 36131 | Snake:4  | 36131 ||| Stepping ~*~*~tactically~*~*~ (stealth).
 36132 | Snake:4  | 36132 ||| Stepping ~*~*~tactically~*~*~ (stealth).
 36142 | Snake:4  | 36142 ||| Stepping ~*~*~tactically~*~*~ (hiding).
 36175 | Snake:4  | 36175 ||| Stepping ~*~*~tactically~*~*~ (stealth).
 36206 | Snake:4  | 36206 ||| Stepping ~*~*~tactically~*~*~ (hiding).
 36208 | Snake:4  | 36208 ||| INVOKING Heroism.
 36344 | Snake:4  | 36344 ||| Stepping ~*~*~tactically~*~*~ (hiding).
 36345 | Snake:4  | 36345 ||| Stepping ~*~*~tactically~*~*~ (hiding).
 36604 | Snake:4  | 36604 ||| INVOKING Heroism.
 36880 | Snake:4  | 36880 ||| PLANNING DEPTHS
 36880 | Snake:4  | 36880 ||| UPGRADING to +4 ring of protection.
 36882 | Snake:4  | 36882 ||| DROPPING +6 ring of strength.
 37146 | Depths:1 | Entered Level 1 of the Depths
 37150 | Depths:1 | Found a runed translucent gate.
 37150 | Depths:1 | Found a runed translucent gate.
 37152 | Depths:1 | Noticed Hoscheud's ghost (veteran GrFi)
 37153 | Depths:1 | Found a runed translucent gate.
 37273 | Depths:1 | 37273 ||| Stepping ~*~*~tactically~*~*~ (stealth).
 37275 | Depths:1 | 37275 ||| INVOKING Heroism.
 37276 | Depths:1 | 37276 ||| INVOKING Finesse.
 37316 | Depths:1 | Reached skill level 21 in Armour
 37367 | Depths:1 | 37367 ||| Stepping ~*~*~tactically~*~*~ (hiding).
 37433 | Depths:1 | Noticed a caustic shrike
 37439 | Depths:1 | Noticed a juggernaut
 37507 | Depths:1 | 37507 ||| INVOKING Heroism.
 37791 | Depths:1 | Found a gateway to Hell.
 37792 | Depths:1 | 37792 ||| INVOKING Heroism.
 37856 | Depths:1 | HP: 31/144 [hell hog/fireball (10)]
 37857 | Depths:1 | 37857 ||| READING 24 scrolls of teleportation.
 37858 | Depths:1 | 37858 ||| DRINKING 4 potions of heal wounds.
 38098 | Depths:1 | 38098 ||| Stepping ~*~*~tactically~*~*~ (stealth).
 38101 | Depths:1 | 38101 ||| Stepping ~*~*~tactically~*~*~ (stealth).
 38102 | Depths:1 | 38102 ||| Stepping ~*~*~tactically~*~*~ (stealth).
 38212 | Depths:1 | 38212 ||| Stepping ~*~*~tactically~*~*~ (hiding).
 38222 | Depths:1 | Received a gift from Okawaru
 38229 | Depths:1 | 38229 ||| INVOKING Heroism.
 38257 | Depths:1 | 38257 ||| Stepping ~*~*~tactically~*~*~ (hiding).
 38258 | Depths:1 | 38258 ||| Stepping ~*~*~tactically~*~*~ (hiding).
 38264 | Depths:1 | HP: 29/144 [hellephant/blast of flame (11)]
 38265 | Depths:1 | 38265 ||| READING 23 scrolls of teleportation.
 38266 | Depths:1 | 38266 ||| DRINKING 3 potions of heal wounds.
 38535 | Depths:1 | 38535 ||| Stepping ~*~*~tactically~*~*~ (hiding).
 38541 | Depths:1 | 38541 ||| Stepping ~*~*~tactically~*~*~ (hiding).
 38565 | Depths:1 | 38565 ||| INVOKING Heroism.
 38614 | Depths:1 | 38614 ||| INVOKING Heroism.
 38633 | Depths:1 | 38633 ||| Stepping ~*~*~tactically~*~*~ (hiding).
 38634 | Depths:1 | 38634 ||| Stepping ~*~*~tactically~*~*~ (hiding).
 38652 | Depths:1 | 38652 ||| INVOKING Heroism.
 38679 | Depths:1 | 38679 ||| Stepping ~*~*~tactically~*~*~ (hiding).
 38694 | Depths:1 | Noticed a juggernaut
 38911 | Depths:1 | 38911 ||| DROPPING ring of magical power.
 38935 | Depths:2 | 38935 ||| INVOKING Heroism.
 38936 | Depths:2 | 38936 ||| STAIRDANCE
 38987 | Depths:2 | 38987 ||| STAIRDANCE
 39071 | Depths:2 | 39071 ||| INVOKING Heroism.
 39072 | Depths:2 | 39072 ||| INVOKING Finesse.
 39166 | Depths:2 | Noticed Asterion
 39167 | Depths:2 | 39167 ||| INVOKING Heroism.
 39168 | Depths:2 | 39168 ||| INVOKING Finesse.
 39181 | Depths:2 | Received a gift from Okawaru
 39206 | Depths:2 | Killed Asterion
 39236 | Depths:2 | Found Fimab's General Store.
 39240 | Depths:2 | 39240 ||| Stepping ~*~*~tactically~*~*~ (stealth).
 39247 | Depths:2 | 39247 ||| READING scroll of enchant weapon.
 39247 | Depths:2 | 39247 ||| ENCHANTING +2 vampiric war axe.
 39249 | Depths:2 | 39249 ||| Stepping ~*~*~tactically~*~*~ (stealth).
 39250 | Depths:2 | 39250 ||| Stepping ~*~*~tactically~*~*~ (stealth).
 39251 | Depths:2 | 39251 ||| Stepping ~*~*~tactically~*~*~ (stealth).
 39253 | Depths:2 | 39253 ||| Stepping ~*~*~tactically~*~*~ (stealth).
 39254 | Depths:2 | 39254 ||| Stepping ~*~*~tactically~*~*~ (stealth).
 39256 | Depths:2 | 39256 ||| Stepping ~*~*~tactically~*~*~ (stealth).
 39293 | Depths:2 | 39293 ||| INVOKING Heroism.
 39294 | Depths:2 | 39294 ||| INVOKING Finesse.
 39398 | Depths:2 | Reached skill level 22 in Armour
 39416 | Depths:2 | 39416 ||| INVOKING Finesse.
 39419 | Depths:2 | 39419 ||| Stepping ~*~*~tactically~*~*~ (stealth).
 39435 | Depths:2 | 39435 ||| Stepping ~*~*~tactically~*~*~ (stealth).
 39437 | Depths:2 | 39437 ||| Stepping ~*~*~tactically~*~*~ (stealth).
 39455 | Depths:2 | 39455 ||| INVOKING Heroism.
 39456 | Depths:2 | 39456 ||| INVOKING Finesse.
 39505 | Depths:2 | 39505 ||| Stepping ~*~*~tactically~*~*~ (stealth).
 39506 | Depths:2 | 39506 ||| Stepping ~*~*~tactically~*~*~ (hiding).
 39509 | Depths:2 | Received a gift from Okawaru
 39514 | Depths:2 | 39514 ||| INVOKING Heroism.
 39594 | Depths:2 | Found Gozag's Antique Weapon Shop.
 39674 | Depths:2 | 39674 ||| Stepping ~*~*~tactically~*~*~ (stealth).
 39675 | Depths:2 | 39675 ||| Stepping ~*~*~tactically~*~*~ (stealth).
 39676 | Depths:2 | 39676 ||| Stepping ~*~*~tactically~*~*~ (stealth).
 39679 | Depths:2 | 39679 ||| INVOKING Heroism.
 39717 | Depths:2 | Reached XP level 22. HP: 149/149 MP: 29/29
 39719 | Depths:2 | Noticed a golden dragon
 39720 | Depths:2 | Found an opulent altar of Gozag.
 39725 | Depths:2 | Found Gozag's Antique Weapon Shop.
 39728 | Depths:2 | 39728 ||| INVOKING Heroism.
 39729 | Depths:2 | 39729 ||| INVOKING Finesse.
 39736 | Depths:2 | 39736 ||| Stepping ~*~*~tactically~*~*~ (stealth).
 39737 | Depths:2 | 39737 ||| Stepping ~*~*~tactically~*~*~ (stealth).
 39765 | Depths:2 | Found a one-way gate leading to the halls of Pandemonium.
 39765 | Depths:2 | Found Gozag's Antique Armour Boutique.
 39796 | Depths:2 | 39796 ||| SHOPLISTING pair of glowing gloves (750 gold,
                  | have 466).
 39809 | Depths:2 | 39809 ||| Stepping ~*~*~tactically~*~*~ (stealth).
 39810 | Depths:2 | 39810 ||| Stepping ~*~*~tactically~*~*~ (stealth).
 39832 | Depths:2 | 39832 ||| INVOKING Heroism.
 39922 | Depths:2 | 39922 ||| INVOKING Heroism.
 39923 | Depths:2 | 39923 ||| INVOKING Finesse.
 39956 | Depths:2 | 39956 ||| Stepping randomly (stuck).
 40025 | Depths:2 | 40025 ||| Invisible monster not found???
 40035 | Depths:2 | HP: 7/150 [disintegration (49)]
 40036 | Depths:2 | 40036 ||| READING 22 scrolls of teleportation.
 40037 | Depths:2 | 40037 ||| DRINKING 2 potions of heal wounds.
 40038 | Depths:2 | 40038 ||| DRINKING potion of heal wounds.
 40039 | Depths:2 | 40039 ||| INVOKING Heroism.
 40277 | Depths:2 | 40277 ||| Stepping ~*~*~tactically~*~*~ (hiding).
 40320 | Depths:2 | 40320 ||| INVOKING Heroism.
 40400 | Depths:2 | 40400 ||| Stepping ~*~*~tactically~*~*~ (hiding).
 40409 | Depths:2 | Received a gift from Okawaru
 40449 | Depths:2 | 40449 ||| INVOKING Heroism.
 40470 | Depths:2 | 40470 ||| INVOKING Heroism.
 40473 | Depths:2 | Killed a golden dragon
 40489 | Depths:2 | 40489 ||| Stepping randomly (stuck).
 40490 | Depths:2 | 40490 ||| Stepping randomly (stuck).
 40491 | Depths:2 | 40491 ||| Stepping randomly (stuck).
 40492 | Depths:2 | 40492 ||| Stepping randomly (stuck).
 40493 | Depths:2 | 40493 ||| Stepping randomly (stuck).
 40494 | Depths:2 | 40494 ||| Stepping randomly (stuck).
 40503 | Depths:2 | 40503 ||| Stepping ~*~*~tactically~*~*~ (hiding).
 40672 | Depths:2 | Found a hazy altar of Hepliaklqana.
 40835 | Depths:2 | Found a glowing silver altar of Zin.
 40910 | Depths:3 | 40910 ||| INVOKING Heroism.
 40970 | Depths:3 | 40970 ||| INVOKING Heroism.
 40998 | Depths:3 | 40998 ||| Stepping ~*~*~tactically~*~*~ (hiding).
 41041 | Depths:3 | 41041 ||| Stepping ~*~*~tactically~*~*~ (hiding).
 41045 | Depths:3 | 41045 ||| INVOKING Heroism.
 41268 | Depths:3 | 41268 ||| Stepping ~*~*~tactically~*~*~ (hiding).
 41429 | Depths:3 | Found a one-way gate to the infinite horrors of the Abyss.
 41488 | Depths:3 | 41488 ||| INVOKING Finesse.
 41493 | Depths:3 | 41493 ||| Stepping ~*~*~tactically~*~*~ (stealth).
 41502 | Depths:3 | 41502 ||| INVOKING Heroism.
 41508 | Depths:3 | Received a gift from Okawaru
 41619 | Depths:3 | 41619 ||| INVOKING Heroism.
 41620 | Depths:3 | 41620 ||| INVOKING Finesse.
 41696 | Depths:3 | 41696 ||| INVOKING Heroism.
 41773 | Depths:3 | 41773 ||| Stepping ~*~*~tactically~*~*~ (hiding).
 41786 | Depths:3 | 41786 ||| INVOKING Heroism.
 41828 | Depths:3 | 41828 ||| INVOKING Heroism.
 42000 | Depths:3 | 42000 ||| INVOKING Heroism.
 42001 | Depths:3 | 42001 ||| Stepping ~*~*~tactically~*~*~ (hiding).
 42276 | Depths:3 | 42276 ||| DROPPING +2 pair of gloves.
 42285 | Depths:4 | Entered Level 4 of the Depths
 42290 | Depths:4 | 42290 ||| Stepping ~*~*~tactically~*~*~ (hiding).
 42291 | Depths:4 | 42291 ||| INVOKING Heroism.
 42302 | Depths:4 | Reached skill level 21 in Shields
 42331 | Depths:4 | Noticed a caustic shrike
 42331 | Depths:4 | Noticed a caustic shrike
 42331 | Depths:4 | Noticed a caustic shrike
 42331 | Depths:4 | Noticed a caustic shrike
 42334 | Depths:4 | 42334 ||| Stepping randomly (stuck).
 42335 | Depths:4 | 42335 ||| Stepping randomly (stuck).
 42336 | Depths:4 | 42336 ||| Stepping randomly (stuck).
 42337 | Depths:4 | 42337 ||| Stepping randomly (stuck).
 42338 | Depths:4 | 42338 ||| INVOKING Heroism.
 42380 | Depths:4 | 42380 ||| FLEEEEING.
 42381 | Depths:4 | 42381 ||| FLEEEEING.
 42391 | Depths:4 | 42391 ||| FLEEEEING.
 42396 | Depths:4 | 42396 ||| Stepping ~*~*~tactically~*~*~ (hiding).
 42426 | Depths:4 | 42426 ||| INVOKING Heroism.
 42449 | Abyss:4  | Cast into level 4 of the Abyss (black draconian knight)
 42450 | Abyss:4  | Found a corrupted altar of Lugonu.
 42474 | Abyss:4  | Gained mutation: You have sharp toenails. [a cacodemon]
 42491 | Abyss:4  | 42491 ||| INVOKING Heroism.
 42539 | Abyss:4  | 42539 ||| Stepping ~*~*~tactically~*~*~ (stealth).
 42540 | Abyss:4  | 42540 ||| Stepping ~*~*~tactically~*~*~ (stealth).
 42542 | Abyss:4  | 42542 ||| Stepping ~*~*~tactically~*~*~ (stealth).
 42545 | Abyss:4  | 42545 ||| INVOKING Heroism.
 42572 | Abyss:4  | 42572 ||| Stepping ~*~*~tactically~*~*~ (hiding).
 42599 | Abyss:4  | 42599 ||| Stepping ~*~*~tactically~*~*~ (stealth).
 42601 | Abyss:4  | 42601 ||| Stepping ~*~*~tactically~*~*~ (stealth).
 42605 | Abyss:4  | 42605 ||| INVOKING Heroism.
 42627 | Depths:4 | Escaped the Abyss
 42639 | Depths:4 | 42639 ||| INVOKING Heroism.
 42662 | Depths:4 | Received a gift from Okawaru
 42685 | Depths:4 | Reached skill level 21 in Fighting
 42685 | Depths:4 | 42685 ||| Stepping ~*~*~tactically~*~*~ (cloud).
 42758 | Depths:4 | Noticed a golden dragon
 42759 | Depths:4 | 42759 ||| INVOKING Heroism.
 42760 | Depths:4 | 42760 ||| INVOKING Finesse.
 42762 | Depths:4 | Found a gate to the Realm of Zot.
 42777 | Depths:4 | Killed a golden dragon
 42820 | Depths:4 | 42820 ||| Stepping ~*~*~tactically~*~*~ (stealth).
 42822 | Depths:4 | 42822 ||| Stepping ~*~*~tactically~*~*~ (hiding).
 42834 | Depths:4 | 42834 ||| INVOKING Heroism.
 42864 | Depths:4 | 42864 ||| FLEEEEING.
 42865 | Depths:4 | 42865 ||| FLEEEEING.
 42866 | Depths:4 | 42866 ||| FLEEEEING.
 42867 | Depths:4 | 42867 ||| FLEEEEING.
 42868 | Depths:4 | 42868 ||| FLEEEEING.
 42869 | Depths:4 | 42869 ||| FLEEEEING.
 42870 | Depths:4 | 42870 ||| FLEEEEING.
 42871 | Depths:4 | 42871 ||| FLEEEEING.
 42872 | Depths:4 | 42872 ||| FLEEEEING.
 42873 | Depths:4 | 42873 ||| FLEEEEING.
 42885 | Depths:4 | 42885 ||| FLEEEEING.
 42889 | Depths:4 | 42889 ||| FLEEEEING.
 42890 | Depths:4 | 42890 ||| FLEEEEING.
 42891 | Depths:4 | 42891 ||| FLEEEEING.
 42892 | Depths:4 | 42892 ||| STAIRDANCE
 43054 | Depths:4 | Noticed Parghit
 43055 | Depths:4 | 43055 ||| INVOKING Heroism.
 43056 | Depths:4 | 43056 ||| INVOKING Finesse.
 43065 | Depths:4 | Killed Parghit
 43065 | Depths:4 | Received a gift from Okawaru
 43199 | Depths:4 | 43199 ||| INVOKING Heroism.
 43200 | Depths:4 | 43200 ||| INVOKING Finesse.
 43344 | Depths:4 | 43344 ||| FLEEEEING.
 43362 | Depths:4 | Noticed Grunn
 43363 | Depths:4 | 43363 ||| INVOKING Heroism.
 43366 | Depths:4 | Noticed a juggernaut
 43379 | Depths:4 | Reached XP level 23. HP: 143/160 MP: 30/30
 43409 | Depths:4 | Killed Grunn
 43409 | Depths:4 | Received a gift from Okawaru
 43415 | Depths:4 | HP: 30/160 [juggernaut (21)]
 43416 | Depths:4 | 43416 ||| READING 21 scrolls of teleportation.
 43418 | Depths:4 | Killed a juggernaut
 43419 | Depths:4 | Reached skill level 12 in Throwing
 43423 | Depths:4 | 43423 ||| READING 20 scrolls of teleportation.
 43424 | Depths:4 | 43424 ||| INVOKING Heroism.
 43439 | Depths:4 | 43439 ||| READING 19 scrolls of teleportation.
 43461 | Depths:4 | HP: 29/160 [???[a doom hound] (6)]
 43463 | Depths:4 | 43463 ||| READING 18 scrolls of teleportation.
 43481 | Depths:4 | 43481 ||| READING 17 scrolls of teleportation.
 43482 | Depths:4 | 43482 ||| INVOKING Heroism.
 43484 | Depths:4 | HP: 25/160 [bone dragon[a doom hound] (14)]
 43492 | Depths:4 | 43492 ||| READING 16 scrolls of teleportation.
 43494 | Depths:4 | HP: 26/160 [reaper/+1 scythe of protection[a doom hound]
                  | (3)]
 43498 | Depths:4 | 43498 ||| READING 15 scrolls of teleportation.
 43501 | Depths:4 | HP: 12/160 [reaper/+1 scythe of protection[a doom hound]
                  | (17)]
 43503 | Depths:4 | 43503 ||| READING 14 scrolls of teleportation.
 43508 | Depths:4 | Found a one-way gateway to a ziggurat.
 43508 | Depths:4 | HP: 16/160 [daeva/divine providence (13)]
 43509 | Depths:4 | 43509 ||| FLEEEEING.
 43509 | Depths:4 | HP: 4/160 [daeva/divine providence (13)]
 43510 | Depths:4 | 43510 ||| FLEEEEING.
 43510 | Depths:4 | Killed from afar by a daeva

Levels and vault maps discovered:
D:1:      amcnicky_arrival_choice, layout_rooms,
          hellmonk_ecumenical_altar_leap_of_faith, serial_shops,
          nicolae_shop_competitors_out_of_business
D:2:      layout_basic
D:3:      layout_loops_corners, serial_bayou, serial_bayou_pond_a,
          serial_bayou_ford_a, serial_bayou_shore_a, serial_bayou_crossing,
          kennysheep_orc_chapel
D:4:      layout_basic, minmay_temple_entry_slanted, portal_sewer_entry_b,
          uniq_natasha
D:5:      layout_basic, serial_shops, nicolae_stop_n_shop_2
D:6:      layout_loops_ring, grunt_temple_overflow_open,
          chequers_serial_rivers_micro_c, uniq_menkaure, uniq_crazy_yiuf_cottage
D:7:      layout_gridville, minmay_shop_enchanted_jewellery,
          nrook_mini_backslash, minmay_misc_feat_tower
D:8:      layout_rooms, serial_glass, glass_columns_a, glass_columns_a,
          chequers_serial_rivers_room_a, kennysheep_generic_room_2
D:9:      layout_loops_ring, lemuel_round_altar, st_stairs_5
D:10:     layout_roguey, lair_entry_dummy
D:11:     layout_roguey, minmay_orc_entry_temple_small,
          minmay_the_grid_square_5x5_3x3_mashed
          [minmay_the_grid_square_5x5_fat_x,
          minmay_the_grid_square_5x5_moneybag, minmay_the_grid_square_5x5_comb,
          minmay_the_grid_square_5x5_detours,
          minmay_the_grid_square_5x5_megaprize_hollow,
          minmay_the_grid_square_5x5_one_wall,
          minmay_the_grid_square_5x5_beaten_path,
          minmay_the_grid_square_5x5_inverted_slash,
          minmay_the_grid_square_5x5_shuriken], uniq_fannar
D:12:     layout_loops_ring, serial_ice, serial_ice_e, serial_ice_i,
          serial_ice_b, serial_ice_d, serial_ice_f, serial_ice_m, serial_ice_n,
          portal_ice_cave_entry_pillars_1
D:13:     layout_stronghold, lightli_vaults_fourway_checkpoint,
          biasface_ghost_orc_armoury, kennysheep_okawaru_gauntlet
D:14:     minmay_guarded_unrand_sword_of_power, layout_cave_pools,
          serial_park_tiny_pond, grunt_potential, uniq_josephine, uniq_nessos
D:15:     grunt_enter_depths_snipers, layout_rooms, nicolae_gozag_seed_capital
Temple:   minmay_crystal_spiral_temple
Lair:1:   layout_chaotic_city, st_stairs_6, grunt_megastairs_5
Lair:2:   layout_concentric_octagons, elwin_shoals_entry_rooms,
          dummy_snake_entry, beast_lair_carwin_11
Lair:3:   layout_cave_pods, enter_volcano_1
Lair:4:   layout_loops_ring, nicolae_lair_run_with_the_wolves,
          lemuel_fruit_fields, uniq_urug
Lair:5:   gammafunk_lair_ancient_temple, layout_cave_shapes,
          dpeg_slime_entry_enclosed
Shoals:1: layout_shoals, nicolae_shoals_secluded_bog, uniq_louise
Shoals:2: layout_shoals, uniq_polyphemus
Shoals:3: layout_shoals, uniq_nikola
Shoals:4: shoals_end_grunt_ice, layout_shoals, serial_shops, shop, shop_statue,
          shop, shop, nicolae_shoals_beach_house_on_fowls_legs
Snake:1:  layout_basic, serial_shops, nicolae_take_the_stairs,
          grunt_megastairs_1, uniq_aizul, uniq_jorgrun, uniq_rupert
Snake:2:  layout_misc_corridors, grunt_ministairs_1, nicolae_integral_box,
          serial_bayou_shore_b
Snake:3:  nicolae_snake_nest, layout_onion, nicolae_elevator_lobby_asterisk
Snake:4:  grunt_snake_rune_pools, layout_cave_town
Orc:1:    layout_caves
Orc:2:    st_orc_elflike, layout_caves, nicolae_orc_tapped_out
Vaults:1: hangedman_vaults_cutoff, v_alt_pattern_2, vaults_dpeg_diagonal,
          v_rooms_4, ontoclasm_vaults_tryst, vaults_mumra_minichess_inversion,
          vaults_room_guarded_vault, ontoclasm_vaults_ring_small, v_misc_26,
          nicolae_vaults_network_star, ontoclasm_vaults_pinch,
          ontoclasm_vaults_hangar, layout_vaults_omnicross
Vaults:2: v_pattern_4, v_misc_22, ontoclasm_vaults_decontamination,
          hangedman_vaults_nodes, v_misc_28, vaults_standard_mumra_lines,
          v_misc_22, vaults_room_pools, v_misc_17, nicolae_vaults_circle_grid_b,
          hangedman_vaults_slither, vaults_dpeg_encased_lava,
          layout_vaults_maze_bifur, serial_shops, shop, uniq_bai_suzhen
Vaults:3: hangedman_vaults_corner, minmay_crypt_entry_nasty_monster,
          st_hourglassy, vaults_mumra_lcd, vaults_room_grid,
          nicolae_vaults_windows_and_doors_thing, nicolae_vaults_circle_grid_b,
          ontoclasm_vaults_fault, ontoclasm_vaults_chip,
          nicolae_vaults_little_squares_3, layout_vaults_omnigrid, serial_shops,
          shop, shop
Vaults:4: ebering_ghost_xom, v_misc_24, hangedman_vaults_corner_blocks,
          vaults_room_grunt_arrival_ludios, nicolae_vaults_alarming,
          vaults_room_ringed_pool, v_misc_19, ontoclasm_vaults_ring_small,
          hangedman_vaults_snaps, v_misc_5, layout_vaults_ring, serial_shops,
          bzr_entry_water, uniq_mara
Depths:1: layout_basic, minmay_misc_feat_chi, grunt_hell_horde,
          ebering_ghost_rock_garden, minivault_12
Depths:2: kennysheep_gozag_temple, layout_long_grid,
          nicolae_hepliaklqana_hippocampus, hell_entry, serial_shops,
          nicolae_shop_trees, pan_entry, zin_angel, infiniplex_staircase_pool_2,
          uniq_asterion
Depths:3: wad_pebble_path, layout_gridlike, abyss_entry_crystal, pan_entry,
          hell_entry, chequers_serial_rivers_small_a, st_stairs_1
Depths:4: grunt_zot_entry_gee_three, layout_gridlike, enter_ziggurat_d,
          hangedman_geh_valley, uniq_parghit, uniq_grunn

Skill      XL: |  1  2  3  4  5  6  7  8  9 10 11 12 13 14 15 16 17 18 19 20 21 22 23 |
---------------+----------------------------------------------------------------------+-----
Axes           | 2 3 5 6 7 8 9 10 11 12 14 16 | 16.0
Fighting       | 4 5 7 8 9 10 11 12 13 14 15 17 18 19 21 | 21.0
Armour         | 4 5 6 7 8 9 12 13 14 15 17 18 20 22 | 22.0
Invocations    | 2 4 7 10 | 10.0
Dodging        | 1 2 3 4 5 6 |  6.5
Shields        | 4 5 9 11 12 13 16 18 19 20 21 | 21.0
Throwing       | 2 3 4 5 7 8 9 11 12 | 12.1

Action                   |  1- 3 |  4- 6 |  7- 9 | 10-12 | 13-15 | 16-18 | 19-21 | 22-24 || total
-------------------------+-------+-------+-------+-------+-------+-------+-------+-------++-------
Melee: War axe           |   128 |   174 |   270 |   350 |   856 |  2070 |  2435 |   960 ||  7243
       Broad axe         |       |       |       |    98 |   263 |       |       |       ||   361
Throw: Boomerang         |       |       |       |    42 |   128 |    73 |    26 |     1 ||   270
       Javelin           |       |       |       |    14 |    41 |    17 |    90 |    39 ||   201
Invok: Heroism           |       |       |    14 |    25 |    28 |    49 |    43 |    30 ||   189
       Finesse           |       |       |       |     3 |     6 |     7 |    11 |     7 ||    34
  Use: Scroll            |     5 |     7 |     6 |     6 |     6 |     4 |     6 |     9 ||    49
       Potion            |     1 |     1 |     2 |     1 |       |       |     6 |     2 ||    13
 Stab: Distracted        |       |     1 |       |       |       |       |       |       ||     1
       Petrifying        |       |       |       |       |       |     5 |       |       ||     5
       Petrified         |       |       |       |       |       |     3 |       |       ||     3
Armor: Scale mail        |    32 |       |       |       |       |       |       |       ||    32
       Plate armour      |    39 |   149 |   195 |   196 |    85 |       |       |       ||   664
       Gold dragon scale |       |       |       |       |   476 |   806 |  1295 |   763 ||  3340
Dodge: Dodged            |    36 |    53 |    99 |    79 |   189 |   322 |   426 |   249 ||  1453
Block: Buckler           |    30 |    31 |    64 |   122 |       |       |       |       ||   247
       Reflection        |       |       |       |     4 |    38 |   153 |       |       ||   195
       Kite shield       |       |       |       |    34 |   778 |   180 |       |       ||   992
       Tower shield      |       |       |       |       |       |  1998 |  1944 |  1031 ||  4973

Table legend:
 A = Non-vault XP
 B = Vault XP
 C = Vault XP percentage of total XP
 D = Non-vault monster count
 E = Vault monster count
 F = Vault count percentage of total count
                 A         B        C        D         E       F
            +---------+---------+-------+---------+---------+-------
      Total |  433308 |  290013 |  40.1 |    1066 |     445 |  29.5
            +---------+---------+-------+---------+---------+-------
        D:1 |      37 |       0 |   0.0 |      23 |       0 |   0.0
        D:2 |      43 |       0 |   0.0 |      19 |       0 |   0.0
        D:3 |     168 |      55 |  24.7 |      21 |       5 |  19.2
        D:4 |     244 |      70 |  22.3 |      19 |       8 |  29.6
        D:5 |    1077 |       0 |   0.0 |      29 |       0 |   0.0
        D:6 |    1597 |     172 |   9.7 |      25 |       1 |   3.8
        D:7 |    1378 |       0 |   0.0 |      18 |       0 |   0.0
        D:8 |    2255 |     227 |   9.1 |      16 |       2 |  11.1
        D:9 |    2026 |     212 |   9.5 |      26 |       3 |  10.3
       D:10 |    1181 |       0 |   0.0 |      25 |       0 |   0.0
       D:11 |    1709 |    6014 |  77.9 |      15 |      22 |  59.5
       D:12 |    1692 |    2257 |  57.2 |       5 |      17 |  77.3
       D:13 |    6952 |    7488 |  51.9 |      23 |      14 |  37.8
       D:14 |    6104 |   20843 |  77.3 |      18 |      37 |  67.3
       D:15 |   11448 |    2673 |  18.9 |      25 |       3 |  10.7
     Lair:1 |    5832 |     628 |   9.7 |      21 |       3 |  12.5
     Lair:2 |    8246 |    1455 |  15.0 |      30 |       4 |  11.8
     Lair:3 |    4600 |       0 |   0.0 |      20 |       0 |   0.0
     Lair:4 |    7093 |    2499 |  26.1 |      20 |       8 |  28.6
     Lair:5 |   19176 |    6903 |  26.5 |      58 |      18 |  23.7
   Shoals:1 |   11263 |    1963 |  14.8 |      22 |       2 |   8.3
   Shoals:2 |   15194 |    3976 |  20.7 |      36 |       4 |  10.0
   Shoals:3 |   17466 |    2308 |  11.7 |      47 |       1 |   2.1
   Shoals:4 |   13142 |   23053 |  63.7 |      31 |      34 |  52.3
    Snake:1 |    9650 |   10272 |  51.6 |      20 |      12 |  37.5
    Snake:2 |    9129 |    3619 |  28.4 |      20 |       9 |  31.0
    Snake:3 |   29956 |       0 |   0.0 |      64 |       0 |   0.0
    Snake:4 |   26970 |   26902 |  49.9 |      51 |      43 |  45.7
      Orc:1 |    3382 |       0 |   0.0 |      23 |       0 |   0.0
      Orc:2 |    2662 |    8178 |  75.4 |      24 |      25 |  51.0
   Vaults:1 |   13198 |   32735 |  71.3 |      25 |      43 |  63.2
   Vaults:2 |   36537 |   32051 |  46.7 |      49 |      39 |  44.3
   Vaults:3 |   27828 |   18856 |  40.4 |      36 |      21 |  36.8
   Vaults:4 |   11461 |   13060 |  53.3 |      15 |      14 |  48.3
   Depths:1 |   10351 |   14051 |  57.6 |      12 |      13 |  52.0
   Depths:2 |   40874 |   11085 |  21.3 |      49 |      10 |  16.9
   Depths:3 |   43451 |    1315 |   2.9 |      51 |       2 |   3.8
   Depths:4 |   18845 |   27905 |  59.7 |      18 |      21 |  53.8
    Abyss:4 |    9091 |    7188 |  44.2 |      17 |       7 |  29.2
            +---------+---------+-------+---------+---------+-------
